Cogmind - Beta 16 @@@ ROGUE MODE // 2026.01.02 @ 18:02:30 Player: C0-2MO Result: Destroyed by Executioner with Helical Railgun Performance ------------- Evolutions (8) 4000 Regions Visited (24) 4800 Robots Destroyed (186) 930 Value Destroyed (14305) 14305 Prototype IDs (159) 3180 Alien Tech Used (7) 1400 Bonus (12076) 12076 TOTAL SCORE: 40691 Bonus ------- High Alert Combat Kills 2972 Follower Combat Kills 2018 Destroyed Unchained 1000 Entered Garrisons 1000 Used RIF Installer 3000 Registered with UFD 300 Met Optimus in HQ 500 Met Zhirov 300 Met Optimus at Protoforge 1000 Friendly Fire -14 Cogmind --------- Core Integrity 0/1450 Matter 100/300 Energy 208/220 System Corruption 0% Temperature Cool (0) Movement Immobile (Siege) Location -2/Protoforge Parts ------- > --- POWER (2) -------- Concept Zero-point Core > --- PROPULSION (8) --- Experimental Heavy Siege Treads Experimental Armored Exoskeleton > --- UTILITY (11) ----- Concept Phasing Heat Sink Concept Antigrav Storage Unit Experimental Signal Interpreter Experimental Melee Analysis Suite Concept Weapon Articulator Concept Core Analysis Suite Femtoactuators Graphene Brace Experimental System Purifier > --- WEAPON (2) ------- Experimental Jetlance > --- INVENTORY (25) --- Light Neutrino Core Concept Phasing Heat Sink Concept Thermoelectric Network Concept Chromion Battery (800) Concept NT7 Matterbank (201) Advanced Sensor Array Concept Core Analysis Suite Mini Quantum Capacitor Femtoactuators Experimental ECM Suite Concept Cloak Mesh Concept Cloak Mesh ID Mask Experimental EM Shield Concept Antimissile System Authchip [Device] Crosscalibrator Concept Plasma Driver Concept Plasma Driver Core Cannon Advanced Datajack Concept Deflector Sword Peak State ------------ > --- POWER ------------ Concept Zero-point Core Concept Zero-point Core > --- PROPULSION ------- Experimental Heavy Siege Treads Experimental Heavy Siege Treads Experimental Armored Exoskeleton > --- UTILITY ---------- Concept Phasing Heat Sink Concept Antigrav Storage Unit Advanced Sensor Array Experimental Signal Interpreter Experimental Melee Analysis Suite Concept Core Analysis Suite Concept Cloak Mesh Concept Cloak Mesh Concept Core Shell Graphene Brace Experimental System Purifier > --- WEAPON ----------- Concept Plasma Driver Concept Deflector Sword > --- INVENTORY -------- Light Neutrino Core Concept Phasing Heat Sink Concept Thermoelectric Network Concept Chromion Battery Concept NT7 Matterbank Concept Weapon Articulator Concept Core Analysis Suite Mini Quantum Capacitor Femtoactuators Femtoactuators Experimental ECM Suite ID Mask Experimental EM Shield Experimental Shield Generator Concept Antimissile System Authchip [Device] Crosscalibrator Concept Plasma Driver Core Cannon Concept Arcsight Missile Launcher Advanced Datajack Experimental Jetlance Experimental Jetlance [Rating: 280] Favorites ----------- Power Meta Core Engine Subdweller Power Source Power Core Meta Core Reactor Light Antimatter Reactor Propulsion Biomechanical Wings Treads Spiked Treads Leg Concept Biometal Exoskeleton Wheel Wheel Hover Unit Experimental Antigrav System Flight Unit Biomechanical Wings Utility Advanced Sensor Array Device Advanced Sensor Array Storage Medium Storage Unit Processor Experimental Signal Interpreter Hackware Relay Coupler [NC] Protection Scrap Shield Weapon Hammer Energy Gun Subdweller Laser Energy Cannon Subdweller Beam Cannon Ballistic Gun Assault Rifle Ballistic Cannon Battle Cannon Launcher Concept Arcsight Missile Launcher Special Weapon Advanced Remote Datajack Impact Weapon Hammer Slashing Weapon Greatsword Piercing Weapon Experimental Jetlance Special Melee Weapon Advanced Datajack Build | -11 -10 -10 -8 -8 -6 -6 -6 -6 -5 -5 -5 -5 -4 -4 -4 -4 -4 -4 -3 -3 -3 -2 -2 -2 ------- Run | Yrd Mat Sub Rec Scr Fac Was Fac Gar Fac Gar Fac Gar Fac Gar Fac Upp Upp Zhi Pro Res Gar Res Qua Frg Slots Evolved 16 | . . . . . 8 . . . 2 . . . 2 . . . . . . 2 . 2 . . Power 1 | . . . . . . . . . 1 . . . . . . . . . . . . . . . Propulsion 6 | . . . . . 4 . . . 1 . . . . . . . . . . 1 . . . . Utility 9 | . . . . . 4 . . . . . . . 2 . . . . . . 1 . 2 . . Weapon . | . . . . . . . . . . . . . . . . . . . . . . . . . Parts Attached 260 | 6 5 24 1 3 37 4 13 2 15 2 4 18 5 12 16 3 . 1 . 4 3 15 7 60 Power 27 | 1 . 2 1 . 3 . 5 . 1 . 1 4 . 1 1 . . . . . . 1 2 4 Engine 6 | 1 . 2 1 . 1 . 1 . . . . . . . . . . . . . . . . . Core 15 | . . . . . 2 . 4 . 1 . 1 2 . 1 . . . . . . . . 1 3 Reactor 6 | . . . . . . . . . . . . 2 . . 1 . . . . . . 1 1 1 Propulsion 62 | 2 . 9 . . 13 1 5 . 4 1 1 . 1 2 5 . . . . . 1 5 . 12 Treads 7 | 1 . 3 . . 1 . . . . . . . . . . . . . . . . . . 2 Leg 5 | . . . . . . . . . . . . . . . . . . . . . . . . 5 Wheel 9 | 1 . 6 . . 2 . . . . . . . . . . . . . . . . . . . Hover 2 | . . . . . . . . . . . . . . . . . . . . . . . . 2 Flight 39 | . . . . . 10 1 5 . 4 1 1 . 1 2 5 . . . . . 1 5 . 3 Utility 122 | 1 3 5 . 2 14 2 3 1 4 1 2 13 4 8 8 3 . 1 . 4 1 7 2 33 Device 46 | . 1 . . . 5 2 2 1 4 . . . 1 . 5 1 . . . 1 . 3 1 19 Storage 8 | 1 1 . . 1 1 . . . . . 1 . . . . 1 . . . . . . 1 1 Processor 11 | . . . . . 2 . . . . . . . 2 . . . . . . . . . . 7 Hackware 37 | . . . . 1 5 . . . . 1 . 12 1 8 3 . . . . 3 1 2 . . Protection 20 | . 1 5 . . 1 . 1 . . . 1 1 . . . 1 . 1 . . . 2 . 6 Artifact . | . . . . . . . . . . . . . . . . . . . . . . . . . Weapon 49 | 2 2 8 . 1 7 1 . 1 6 . . 1 . 1 2 . . . . . 1 2 3 11 Energy Gun 9 | 1 1 4 . . 1 . . . . . . . . . . . . . . . . . . 2 Energy Cannon 6 | . . 2 . . . 1 . . . . . . . . . . . . . . . 1 1 1 Ballistic Gun 12 | 1 . 1 . . 3 . . . 3 . . . . 1 . . . . . . . . . 3 Ballistic Cannon 3 | . . 1 . . 1 . . . . . . . . . . . . . . . . 1 . . Launcher 2 | . . . . . . . . 1 . . . . . . . . . . . . . . . 1 Special Weapon 4 | . . . . . 1 . . . 1 . . 1 . . . . . . . . 1 . . . Impact Weapon 2 | . 1 . . . . . . . 1 . . . . . . . . . . . . . . . Slashing Weapon 2 | . . . . . 1 . . . . . . . . . . . . . . . . . . 1 Piercing Weapon 5 | . . . . . . . . . . . . . . . 1 . . . . . . . 1 3 Special Melee Weapon 4 | . . . . 1 . . . . 1 . . . . . 1 . . . . . . . 1 . Unidentified Prototypes 31 | . . . . . 3 1 1 . 1 . . . . . . 1 . 2 . . . . 4 18 Parts Lost 60 | . . 11 . . 7 . 3 . 5 5 1 2 . 3 3 . . . . . 5 2 . 13 Power 6 | . . . . . 1 . 1 . 1 1 . . . . . . . . . . . . . 2 Propulsion 20 | . . 3 . . 2 . 1 . 2 3 . 1 . 1 2 . . . . . 1 1 . 3 Utility 21 | . . 2 . . 3 . 1 . 2 1 1 1 . 1 . . . . . . 3 . . 6 Weapon 13 | . . 6 . . 1 . . . . . . . . 1 1 . . . . . 1 1 . 2 Highest Loss Streak 5 | . . 5 . . 4 . 1 . 2 4 1 2 . 2 2 . . . . . 5 1 . 4 To Critical Strikes 1 | . . 1 . . . . . . . . . . . . . . . . . . . . . . Average Backups 10 | 2 8 5 5 7 10 9 9 10 9 8 9 9 8 9 8 9 10 9 9 8 8 8 10 19 Power . | . . . . . . . . 1 . . . . 1 1 1 1 1 1 1 . . . 1 . Propulsion . | 1 3 . . . 1 . . 2 2 . . . . . 1 2 2 1 1 1 1 1 1 . Utility 5 | . 1 2 2 3 3 4 4 2 2 2 3 2 2 2 3 4 5 5 4 3 4 3 5 13 Weapon 1 | . 2 1 1 . . . . 1 1 1 1 1 1 1 . 1 1 1 . . . . 1 4 Tool/Special . | . . . . . . . . . . . . . . . . . . . . . . . . . Unused Backups 39 | . 2 6 . 2 3 . 1 . . . . 2 . . 3 . 1 . 1 . . . 2 16 Power 1 | . 1 . . . . . . . . . . . . . . . . . . . . . . . Propulsion 4 | . . 2 . . 1 . . . . . . . . . 1 . . . . . . . . . Utility 23 | . . 1 . 1 1 . 1 . . . . 2 . . 1 . 1 . 1 . . . 1 13 Weapon 8 | . 1 2 . 1 1 . . . . . . . . . . . . . . . . . . 3 Tool/Special 3 | . . 1 . . . . . . . . . . . . 1 . . . . . . . 1 . Average Slot Usage (%) 84 | . 98 85 84 85 88 92 94 85 96 79 89 83 84 91 85 80 80 80 80 79 79 86 86 77 Engine 4 | . 14 12 13 14 . . . . . . . . . . . . . . . . . . . . Core 4 | . . . . . 5 5 6 6 10 6 9 10 10 10 9 5 5 5 5 4 4 4 4 6 Treads 6 | . 14 8 28 28 4 . . . . . . . . . . . . . . . . . . 1 Leg 1 | . . . . . . . . . . . . . . . . . . . . . . . . 6 Wheel 4 | . 14 18 . . 3 . . . . . . . . . . . . . . . . . . . Flight 14 | . . . . . 29 40 39 40 39 31 34 29 26 33 27 25 25 25 25 26 26 24 20 6 Device 8 | . 8 . . . 5 6 6 9 12 17 12 2 3 4 7 10 10 10 10 6 3 12 16 21 Storage 4 | . 14 2 . 9 5 6 6 6 5 5 5 5 5 5 5 5 5 5 5 4 4 4 4 3 Processor 4 | . . . . . 4 6 5 . . . . . 4 5 5 5 5 5 5 4 4 4 4 15 Hackware 8 | . . . . 1 18 20 20 13 11 10 11 21 25 23 21 10 10 10 10 14 16 15 16 2 Protection 5 | . 4 13 14 4 . . . 6 3 . 3 4 . . . 4 5 5 5 4 3 5 3 2 Energy Gun 3 | . 14 13 . . . . . . . . . . . . . . . . . . . . . . Energy Cannon 1 | . . 3 14 2 . . 1 . . . . . . . . . . . . . . 1 . . Ballistic Gun 1 | . 10 1 . . 2 . . . 8 . 3 . . . . . . . . . . . . . Impact Weapon 3 | . 3 7 14 14 . . . . . 5 5 4 5 5 3 . . . . . . . . . Piercing Weapon 1 | . . . . . . . . . . . . . . . 1 5 5 5 5 4 3 . 3 3 Special Melee Weapon 2 | . . . . 11 . . 1 . . . . 2 4 1 1 5 5 5 5 4 4 3 3 1 Peak Build Rating 280 | 6 8 16 15 20 71 73 75 70 81 79 86 95 95 102 117 123 123 123 125 138 146 168 187 280 Average Rating 93 | 4 7 13 14 15 61 70 72 68 74 70 82 85 87 95 107 120 122 121 124 135 135 151 169 224 On Entrance 80 | . 6 8 13 15 20 70 71 70 67 74 69 80 73 95 95 117 122 122 123 125 138 111 166 167 Avg Prop Armor Cover (%) 8 | 16 11 3 . . 17 . 4 . . . . . . . . . . . . . . . . 13 Naked Turns . | . . . . . . . . . . . . . . . . . . . . . . . . . Heaviest Build 82 | 14 30 38 35 35 41 23 33 31 41 35 37 37 30 35 40 52 52 52 52 52 52 62 64 82 Greatest Support 216 | 10 10 40 40 40 50 35 36 36 41 36 37 37 37 42 53 53 53 53 53 59 59 65 65 216 Greatest Overweight (x) 3 | 1 2 3 . . 2 . . . 1 . . . . . . . . . . . . 1 . 2 Average Overweight (x) . | . 1 1 . . . . . . . . . . . . . . . . . . . . . . Largest Inventory Capacity 25 | 8 15 15 5 15 15 10 10 10 10 10 10 10 10 10 10 10 10 10 10 10 10 10 15 25 Average Capacity 11 | 7 11 6 5 11 11 10 10 10 10 10 10 10 10 10 10 10 10 10 10 10 10 10 11 21 Most Carried 25 | 4 15 15 5 15 15 10 10 10 10 10 10 10 9 10 10 10 10 10 10 10 10 10 15 25 Average Carried 10 | 2 8 5 5 7 10 9 9 9 9 9 9 9 8 9 9 9 9 9 9 9 9 9 10 20 Final Capacity 25 | 8 15 5 5 15 10 10 10 10 10 10 10 10 10 10 10 10 10 10 10 10 10 10 15 25 Final Carried 23 | 4 15 5 5 15 10 10 10 10 10 10 10 10 8 10 10 10 10 10 10 10 9 9 14 23 Scrap Suit Usage (%) 1 | . . . . . 15 . . . . . . . . . . . . . . . . . . . Class Distribution -------------------- 24% | Mutant 20% | Hacker-Sprinter 13% | Subdweller-Mutant 9% | Scavenger-Mutant 8% | Sprinter 6% | Bothacker-Sprinter 5% | Commander-Sprinter 3% | Scavenger-Sprinter Dominant Class ---------------- Mutant | -10/Materials Subdweller-Mutant | -10/Subcaves Mutant | -8/Recycling Mutant | -8/Scraptown Hacker-Sprinter | -6/Factory Hacker-Sprinter | -6/Waste Hacker-Sprinter | -6/Factory Hacker-Sprinter | -6/Garrison Scavenger-Sprinter | -5/Factory Sprinter | -5/Garrison Sprinter | -5/Factory Bothacker-Sprinter | -5/Garrison Bothacker-Sprinter | -4/Factory Commander-Sprinter | -4/Garrison Scout | -4/Factory Sprinter | -4/Upper Caves Commander-Sprinter | -4/Upper Caves Commander-Sprinter | -4/Zhirov Sprinter | -3/Proximity Caves Hacker-Sprinter | -3/Research Hacker-Sprinter | -3/Garrison Hacker-Sprinter | -2/Research Hacker-Sprinter | -2/Quarantine Scavenger-Mutant | -2/Protoforge Resources | -11 -10 -10 -8 -8 -6 -6 -6 -6 -5 -5 -5 -5 -4 -4 -4 -4 -4 -4 -3 -3 -3 -2 -2 -2 ----------- Run | Yrd Mat Sub Rec Scr Fac Was Fac Gar Fac Gar Fac Gar Fac Gar Fac Upp Upp Zhi Pro Res Gar Res Qua Frg Matter Collected 8672 | 269 104 686 10 20 820 113 426 50 366 178 219 505 110 332 382 50 10 . 40 . 100 308 143 3431 Remotely . | . . . . . . . . . . . . . . . . . . . . . . . . . Salvage Created 9593 | 81 326 744 . . 1331 . 594 137 443 427 144 553 53 455 608 . 278 . . . 167 139 461 2652 Parts 411 | . 16 43 . . 58 . 33 8 24 9 . 20 4 15 20 . 8 . . . 6 6 20 121 Haulers Intercepted 4 | . 1 . . . . . 1 . . . . . . . 1 . . . . . . . 1 . Recyclers Shooed 5 | . . . . . 3 . . . 1 . . . . . 1 . . . . . . . . . Parts Field Recycled . | . . . . . . . . . . . . . . . . . . . . . . . . . Retrieved Matter . | . . . . . . . . . . . . . . . . . . . . . . . . . Parts Self-Destructed 15 | . . 9 . . . . . . . . . . . . . . . . 6 . . . . . Prevented 9 | . . . . . . . . . . . . . . . . 2 7 . . . . . . . Parts Restored 11 | . . . . . . . . . . . . . . . . . . . . . . . . 11 Faulty 11 | . . . . . . . . . . . . . . . . . . . . . . . . 11 Kills | -11 -10 -10 -8 -8 -6 -6 -6 -6 -5 -5 -5 -5 -4 -4 -4 -4 -4 -4 -3 -3 -3 -2 -2 -2 ------- Run | Yrd Mat Sub Rec Scr Fac Was Fac Gar Fac Gar Fac Gar Fac Gar Fac Upp Upp Zhi Pro Res Gar Res Qua Frg Combat Hostiles Destroyed 157 | . 5 18 . . 14 . 11 4 7 5 . 13 1 9 6 . 3 . . . 1 2 1 57 Melee 58 | . . . . . 6 . 10 2 1 3 . 5 1 3 2 . 3 . . . 1 . . 21 Guns 30 | . 4 3 . . 8 . . . 6 . . 3 . 1 . . . . . . . . . 5 Cannons 18 | . . 13 . . . . 1 . . . . . . . . . . . . . . 1 1 2 AOE 40 | . 1 . . . . . . 2 . 1 . 3 . 3 3 . . . . . . . . 27 Classes Destroyed 26 | 1 3 4 . . 4 . 1 . . . 1 1 . 2 1 . 1 . . . . . . 7 Worker 1 | . . . . . 1 . . . . . . . . . . . . . . . . . . . Builder 3 | . . . . . . . 1 . . . 1 . . . 1 . . . . . . . . . Tunneler 2 | . . . . . . . . . . . 2 . . . . . . . . . . . . . Hauler 4 | . 1 . . . . . 1 . . . . . . . 1 . . . . . . . 1 . Recycler 11 | 1 . . . . 5 . . . 1 . 1 . . . 2 . . . . . . . 1 . Minesweeper 1 | . . . . . . . . . . . . . . . . . 1 . . . . . . . Operator 5 | . . . . . 3 . 2 . . . . . . . . . . . . . . . . . Drone 18 | . . . . . . . . . . . . . . . 4 . . . . . . . . 14 Watcher 9 | . 1 . . . 3 . . . . . . 1 . 1 1 . . . . . . . 1 1 Swarmer 28 | . . 1 . . 9 . 7 2 3 . . 2 . 2 . . . . . . . . . 2 Saboteur 1 | . . . . . . . . . . . . . . . . . . . . . . . . 1 Grunt 22 | . 5 . . . . . . . 3 4 . 1 . 2 . . 1 . . . . . 1 5 Duelist 3 | . . . . . . . . . . . . 3 . . . . . . . . . . . . Researcher 1 | . . . . . . . . . . . . . . . . . . . . . . . . 1 Sentry 14 | . . 1 . . 1 . 1 . . . . . . 1 . . . . . . . . . 10 Specialist 4 | . . . . . . . . . . . . . . 3 . . . . . . . . . 1 Hunter 14 | . . . . . 2 . 3 2 . 1 . . 1 . 1 . 2 . . . 1 . . 1 Programmer 12 | . . . . . 2 . . . 1 . . 7 . . . . . . . . . 2 . . Behemoth 1 | . . . . . . . . . . . . . . 1 . . . . . . . . . . Decapitator 9 | . . . . . . . . . . . . . . . . . . . . . . . . 9 Immortal 3 | . . . . . . . . . . . . . . . . . . . . . . . . 3 Striker 2 | . . . . . . . . . . . . . . . . . . . . . . . . 2 Executioner 2 | . . . . . . . . . . . . . . . . . . . . . . . . 2 Alpha 7 2 | . . . . . . . . . . . . . . . . . . . . . . . . 2 V-Series 5 | . . . . . . . . . . . . . . . . . . . . . . . . 5 Artisan 1 | . . 1 . . . . . . . . . . . . . . . . . . . . . . Subdweller 16 | . . 16 . . . . . . . . . . . . . . . . . . . . . . Best Kill Streak 12 | 1 4 3 . . 5 . 3 2 5 2 3 3 1 4 3 . 2 . . . 1 2 2 12 Combat Bots Only 12 | . 2 3 . . 4 . 3 2 3 2 . 3 1 3 3 . 2 . . . 1 2 1 12 Max Kills in Single Turn 4 | 1 1 1 . . 1 . 1 2 1 1 1 2 1 3 2 . 1 . . . 1 1 1 4 Gunslinging . | . . . . . . . . . . . . . . . . . . . . . . . . . Exploded 4 | . 1 . . . . . . 2 . 1 . 2 . 2 2 . . . . . . . . 4 Melee 1 | . . . . . 1 . 1 1 1 1 . 1 1 1 1 . 1 . . . 1 . . 1 Uniques/NPCs Destroyed 1 | . . . . . . . . . . . . . . . 1 . . . . . . . . . QV-33N (-4/Factory) Combat | -11 -10 -10 -8 -8 -6 -6 -6 -6 -5 -5 -5 -5 -4 -4 -4 -4 -4 -4 -3 -3 -3 -2 -2 -2 -------- Run | Yrd Mat Sub Rec Scr Fac Was Fac Gar Fac Gar Fac Gar Fac Gar Fac Upp Upp Zhi Pro Res Gar Res Qua Frg Hostile Shots Fired 1297 | . 6 116 . . 212 . 103 20 46 31 27 37 . 38 59 2 21 . 6 24 90 22 4 433 Missed 454 | . . 42 . . 71 . 52 1 23 12 19 10 . 14 28 . 9 . 2 13 46 6 2 104 Hits 843 | . 6 74 . . 141 . 51 19 23 19 8 27 . 24 31 2 12 . 4 11 44 16 2 329 Melee 16 | . . . . . . . . . . . . . . . . . . . . . . . . 16 Projectile 827 | . 6 74 . . 141 . 51 19 23 19 8 27 . 24 31 2 12 . 4 11 44 16 2 313 AOE 17 | . . 9 . . . . 1 . 2 . . . . . 1 . . . . . . . . 4 Critical Strikes 55 | . 1 2 . . 1 . . . 2 . . 2 . 1 6 . . . . 1 3 1 . 35 Actively Blocked 34 | . . . . . . . . . . . . . . . . . . . . . . . . 34 Part Disruptions 1 | . . . . . . . . . . . . . . 1 . . . . . . . . . . Damage Taken 18818 | . 105 1798 . . 1717 52 459 285 585 306 112 563 . 455 673 37 167 . 55 237 633 415 58 10106 Core 2609 | . 33 164 . . 218 . 151 66 73 156 27 108 . 142 127 . 13 . . 51 129 107 . 1044 Absorbed by Shields 2786 | . . . . . 112 . 237 84 202 84 30 . . . 149 14 64 . 20 . 125 . . 1665 Reduced by Siege Mode 1354 | . . . . . . . . . . . . . . . . . . . . . . . . 1354 Redirected to Shielding 664 | . . . . . . . . 46 106 . . . . . . . . . . . . . . 512 Ignored by Resistances 1203 | . . 53 . . . . . . . . . . . . . . . . . . . . . 1150 Regen/Repaired (Parts) 686 | . 42 . . . 72 96 110 . . . . . 27 121 134 . . . . . . 59 25 . Core Remaining (%) 65 | 100 . . . 21 . . . 48 . . . 63 . . . . . . 75 . 86 . . . Volleys Fired 370 | 3 12 88 . . 39 . 13 1 21 . . 24 . 22 17 . . . . . 1 18 5 106 Largest 2 | 2 2 2 . . 2 . 1 1 2 . . 1 . 1 1 . . . . . 1 2 1 2 Hottest 300 | 60 80 140 . . 58 . 113 43 80 . . 43 . 43 43 . . . . . 10 120 300 300 Shots Fired 519 | 6 24 156 . . 66 . 13 1 37 . . 24 . 22 17 . . . . . 1 19 5 128 Gun 324 | 6 24 95 . . 66 . . . 36 . . 15 . 7 . . . . . . . . . 75 Cannon 127 | . . 61 . . . . 13 . . . . . . . . . . . . . . 18 2 33 Launcher 32 | . . . . . . . . 1 1 . . 4 . 3 3 . . . . . . . . 20 Special 36 | . . . . . . . . . . . . 5 . 12 14 . . . . . 1 1 3 . Kinetic 261 | 3 8 53 . . 66 . . . 32 . . 15 . 7 . . . . . . . 2 . 75 Thermal 134 | . . 65 . . . . 13 . 4 . . . . . . . . . . . . 17 2 33 Explosive 32 | . . . . . . . . 1 1 . . 4 . 3 3 . . . . . . . . 20 Electromagnetic 57 | 3 16 38 . . . . . . . . . . . . . . . . . . . . . . Robot Hit Streak 20 | 6 9 20 . . 19 . 9 . 8 . . 7 . 7 13 . . . . . . 5 1 17 Robot Miss Streak 4 | . 1 4 . . 3 . . . 3 . . 1 . 2 2 . . . . . 1 1 2 3 Penetration Max 2 | . . . . . 1 . . . . . . . . . . . . . . . . . 2 1 Secondary Targets 1 | . . . . . . . . . . . . . . . . . . . . . . . . 1 Max Gunslinging Chain 1 | . . . . . . . . . . . . . . . . . . . . . . . . 1 Shots Hit Robots 727 | 6 16 124 1 . 72 . 26 4 27 10 4 53 15 36 52 . 18 . . 3 3 12 12 233 Core Hits 304 | 1 14 35 . . 33 . 12 4 15 4 . 13 1 14 13 . 6 . . . 3 1 6 129 Critical Kills 5 | . . 1 . . . . . . . 1 . . . 1 . . . . . . . 1 . 1 Critical Parts Destroyed 29 | . . 1 . . 3 . . . 1 1 2 2 1 1 7 . . . . . . . 3 7 Critical Strikes 109 | . . 4 . . 4 . 3 . 1 2 2 2 1 2 9 . . . . . . 1 4 74 Meltdown 2 | . . 1 . . . . . . . . . . . . . . . . . . . 1 . . Destroy 17 | . . 1 . . 3 . . . . . . . . . . . . . . . . . 3 10 Corrupt 1 | . . 1 . . . . . . . . . . . . . . . . . . . . . . Smash 19 | . . 1 . . . . . . 1 2 2 2 1 2 8 . . . . . . . . . Sever 5 | . . . . . 1 . 3 . . . . . . . . . . . . . . . . 1 Impale 65 | . . . . . . . . . . . . . . . 1 . . . . . . . 1 63 Melee Attacks 827 | . 7 85 1 . 79 . 50 29 3 28 13 100 19 42 64 11 28 . 7 22 14 5 34 186 Impact 293 | . 7 85 1 . . . . . 2 28 13 81 7 33 36 . . . . . . . . . Slashing 163 | . . . . . 78 . 50 29 . . . . . . . . . . . . . . . 6 Piercing 305 | . . . . . . . . . . . . . . . 24 11 22 . 7 22 14 . 32 173 Sneak Attacks 118 | . . . 1 . 10 . 4 1 1 . 4 16 9 9 28 . 9 . . 1 . 5 4 16 Combat Hostiles 33 | . . . . . 1 . 1 . . . . 6 2 3 19 . . . . . . . . 1 Follow-up Attacks 6 | . . . . . . . . . . . . . . . . . . . . . . . . 6 Damage Inflicted 38132 | 116 321 2131 74 . 3011 . 1718 415 564 637 378 1879 249 1433 2512 . 613 . . 184 165 367 1268 20097 Guns 5496 | 74 227 987 . . 1007 . . . 461 . . 276 . 114 . . . . . . . . . 2350 Cannons 3353 | . . 1045 . . . . 162 . . . . . . . . . . . . . . 367 640 1139 Explosions 10020 | 42 94 . . . . . . 136 . . . 445 . 608 587 . . . . . . . . 8108 Melee 19263 | . . 99 74 . 2004 . 1556 279 103 637 378 1158 249 711 1925 . 613 . . 184 165 . 628 8500 Ramming . | . . . . . . . . . . . . . . . . . . . . . . . . . Kinetic 4949 | 34 76 659 . . 1007 . . . 433 . . 276 . 114 . . . . . . . . . 2350 Thermal 3533 | 42 94 1061 . . . . 162 . 28 . . . . . . . . . . . . 367 640 1139 Explosive 9884 | . . . . . . . . 136 . . . 445 . 608 587 . . . . . . . . 8108 Electromagnetic 503 | 40 151 312 . . . . . . . . . . . . . . . . . . . . . . Impact 4661 | . . 99 74 . . . . . 103 637 378 1158 249 711 1252 . . . . . . . . . Slashing 4233 | . . . . . 2004 . 1556 279 . . . . . . . . . . . . . . . 394 Piercing 10369 | . . . . . . . . . . . . . . . 673 . 613 . . 184 165 . 628 8106 Highest Corruption 10 | . . . . . . . 5 5 2 2 2 7 . 1 1 1 . . . . 5 2 2 10 Average Corruption 3 | . . . . . . . 5 5 2 2 2 3 . 1 1 1 . . . . 3 1 2 6 Corruption Purged 12 | . . . . . . . . . . . . . . . 1 1 . . . . . . . 10 Corruption Blocked . | . . . . . . . . . . . . . . . . . . . . . . . . . Effects 95 | . . . . . . . . 9 2 1 4 14 . . 6 . . . . . 1 2 6 50 Message Errors 16 | . . . . . . . . 1 . . 1 3 . . . . . . . . . 1 2 8 Matter Fused 22 | . . . . . . . . 1 1 . 1 4 . . 3 . . . . . 1 . 2 9 Heat Flow Errors 12 | . . . . . . . . 2 . 1 . 2 . . . . . . . . . . 1 6 Energy Discharges 19 | . . . . . . . . 2 . . . 1 . . 3 . . . . . . . . 13 Parts Rejected 3 | . . . . . . . . . . . . 1 . . . . . . . . . . . 2 Parts Fused 1 | . . . . . . . . . . . . . . . . . . . . . . . . 1 Data Loss (minor) 12 | . . . . . . . . 1 1 . 1 2 . . . . . . . . . 1 1 5 Data Loss (major) 7 | . . . . . . . . 2 . . . 1 . . . . . . . . . . . 4 Alerts 2 | . . . . . . . . . . . 1 . . . . . . . . . . . . 1 Weapon Failures 1 | . . . . . . . . . . . . . . . . . . . . . . . . 1 Overload Shots . | . . . . . . . . . . . . . . . . . . . . . . . . . Overflow Damage 5144 | 12 . 47 . . 455 . 201 77 65 151 318 693 111 119 538 . 77 . . 29 . 12 305 1934 Projectiles 614 | . . 12 . . . . . . . . . 20 . . . . . . . . . 12 305 265 Explosions 226 | 12 . . . . . . . . . . . 9 . . 58 . . . . . . . . 147 Melee 4304 | . . 35 . . 455 . 201 77 65 151 318 664 111 119 480 . 77 . . 29 . . . 1522 Knockbacks 27 | . . 6 . . . . . . 1 2 2 3 1 2 10 . . . . . . . . . Impact 22 | . . 2 . . . . . . 1 2 2 2 1 2 10 . . . . . . . . . Kinetic 4 | . . 4 . . . . . . . . . . . . . . . . . . . . . . Secondary 1 | . . . . . . . . . . . . 1 . . . . . . . . . . . . Self-Inflicted Damage 184 | . . . . . . . . 42 . . . . . . . . . . . . . . . 142 Shots 2 | . . . . . . . . 1 . . . . . . . . . . . . . . . 1 Rammed . | . . . . . . . . . . . . . . . . . . . . . . . . . Targets Rammed . | . . . . . . . . . . . . . . . . . . . . . . . . . Kicked . | . . . . . . . . . . . . . . . . . . . . . . . . . Crushed . | . . . . . . . . . . . . . . . . . . . . . . . . . Highest Temperature 375 | . 108 21 . . 12 . 375 210 20 106 11 277 . . 30 . . . . 5 16 175 135 150 Average Temperature 60 | . 47 8 . . 5 . 137 96 5 63 6 74 . . 19 . . . . 3 8 63 77 68 Received Heat Transfer 1653 | . 81 147 . . 125 . 34 . 42 75 29 18 . 90 77 6 . . 6 48 44 27 18 786 Siege Activations 1 | . . . . . . . . . . . . . . . . . . . . . . . . 1 Total Turns 78 | . . . . . . . . . . . . . . . . . . . . . . . . 78 Longest Duration 78 | . . . . . . . . . . . . . . . . . . . . . . . . 78 Martial Activations . | . . . . . . . . . . . . . . . . . . . . . . . . . Shielding Activations . | . . . . . . . . . . . . . . . . . . . . . . . . . Robots Disrupted . | . . . . . . . . . . . . . . . . . . . . . . . . . Combat Hostiles . | . . . . . . . . . . . . . . . . . . . . . . . . . Robots Corrupted 11 | . . 1 . . . . . . . 1 3 3 . 2 1 . . . . . . . . . Combat Hostiles 7 | . . 1 . . . . . . . 1 . 2 . 2 1 . . . . . . . . . Parts Fried 19 | . . 3 . . . . . . . 1 8 3 . 3 . . . . . . . . . 1 Impact Corruptions 51 | . . 1 . . . . . . 1 3 10 19 1 4 12 . . . . . . . . . Robots Melted 2 | . . 1 . . . . . . . . . . . . . . . . . . . 1 . . Combat Hostiles 2 | . . 1 . . . . . . . . . . . . . . . . . . . 1 . . Parts Melted 9 | . . 3 . . . . . . . . . 3 . . . . . . . . . 3 . . Heat Transferred 2785 | 50 100 1575 . . . . 148 . 74 . . . . . . . . . . . . 259 . 579 Parts Sabotaged . | . . . . . . . . . . . . . . . . . . . . . . . . . Parts Stolen . | . . . . . . . . . . . . . . . . . . . . . . . . . Parts Stripped . | . . . . . . . . . . . . . . . . . . . . . . . . . Power Chain Reactions 2 | 1 1 . . . . . . . . . . . . . . . . . . . . . . . Alert | -11 -10 -10 -8 -8 -6 -6 -6 -6 -5 -5 -5 -5 -4 -4 -4 -4 -4 -4 -3 -3 -3 -2 -2 -2 ------- Run | Yrd Mat Sub Rec Scr Fac Was Fac Gar Fac Gar Fac Gar Fac Gar Fac Upp Upp Zhi Pro Res Gar Res Qua Frg Maximum Alert Level 4 | . . . . . 1 . 3 3 2 2 2 4 3 4 3 . . . . . 1 1 . 4 Low Security (%) 40 | 100 100 . 100 . 97 100 36 . 42 6 . . . . . . . . . 100 58 95 100 11 Level 1 9 | . . . . . 2 . 20 . 9 42 60 10 80 21 . . . . . . 41 4 . 5 Level 2 13 | . . . . . . . 26 38 48 51 39 26 16 22 17 . . . . . . . . 12 Level 3 24 | . . . . . . . 16 61 . . . 21 3 23 82 . . . . . . . . 43 Level 4 12 | . . . . . . . . . . . . 42 . 32 . . . . . . . . . 26 Level 5 . | . . . . . . . . . . . . . . . . . . . . . . . . . High Security . | . . . . . . . . . . . . . . . . . . . . . . . . . Max Security . | . . . . . . . . . . . . . . . . . . . . . . . . . Peak Influence 1498 | 5 62 . 40 . 267 92 822 1053 691 617 440 1498 786 1434 800 . . . . 129 346 248 88 1490 Initial 786 | . 3 . . . . 92 28 591 552 174 323 288 786 235 752 . . . . 23 86 174 78 33 Average 508 | 1 13 . 5 . 82 72 355 833 369 397 372 968 384 794 730 . . . . 55 201 149 46 854 Influence Increases 12113 | 5 228 40 139 . 1101 29 1434 462 537 513 229 1430 75 1449 803 15 83 . 107 199 275 323 260 2377 Destroy 0b10 Robot/C 3920 | . 100 40 . . 280 . 420 80 140 120 20 480 40 520 180 . 60 . 40 . 20 60 20 1300 Destroy 0b10 Robot/NC 330 | 5 10 . . . 60 . 35 . 5 5 20 5 . 5 55 . 10 . . . 5 15 25 70 Destroy Leader 498 | . 24 . . . 86 . 118 . 20 20 . 30 . 30 54 . 10 . 10 . . 20 4 72 Allied During Kill 1070 | . . . . . 2 . 187 . 1 . 1 250 7 449 147 . 3 . 12 . . 11 . . Trap Triggered on 0b10 210 | . . . . . . . . . . 40 . . 10 . . . . . . . . 10 . 150 Successful Hack 806 | . 24 . 19 . 114 . 165 12 115 . 82 7 12 24 41 . . . . 26 32 99 28 6 Select Force Hacks 180 | . 60 . 120 . . . . . . . . . . . . . . . . . . . . . Disable Machine 615 | . . . . . 15 . 45 15 . 60 . 15 . . 120 . . . . . . 15 45 285 Anti-Garrison Action 1200 | . . . . . . . . 250 . 100 . 400 . 350 . . . . . . 100 . . . Destroy Structure 1154 | . 10 . . . 49 29 59 75 16 33 16 213 6 71 146 . . . . 38 13 48 48 284 Partial Spotted 510 | . . . . . 135 . 75 30 75 30 60 30 . . . . . . . 15 . 45 15 . Lose Combat Pursuer 1620 | . . . . . 360 . 330 . 165 105 30 . . . 60 15 . . 45 120 105 . 75 210 Influence Decreases 10643 | . 233 40 139 . 837 252 630 254 1341 145 434 344 1237 351 1730 329 244 32 72 119 79 495 338 968 Entered New Map 3456 | . 2 . . . . 172 13 254 501 75 294 124 712 101 682 189 38 32 . 12 29 137 61 28 Time Decay 3919 | . 231 33 139 . 477 50 357 . 140 . 110 . 150 . 428 140 206 . 52 107 . 278 251 770 Lost Part 487 | . . 7 . . 60 . 30 . 50 50 10 20 . 30 30 . . . . . 50 20 . 130 Lost Ally 1366 | . . . . . 10 30 230 . 50 20 20 200 . 220 440 . . . 20 . . 60 26 40 Purge Threat 1415 | . . . . . 290 . . . 600 . . . 375 . 150 . . . . . . . . . Squads Dispatched 94 | . 3 . . . 19 . 19 . 7 . 4 . . . 18 . . . . 3 . 8 5 8 Investigation 53 | . 3 . . . 14 . 11 . 5 . 3 . . . 8 . . . . 2 . 3 . 4 Extermination 20 | . . . . . 4 . 3 . 1 . 1 . . . 3 . . . . . . 3 4 1 Reinforcement 13 | . . . . . 1 . 4 . . . . . . . 1 . . . . 1 . 2 1 3 Assault 3 | . . . . . . . 1 . . . . . . . 2 . . . . . . . . . Garrison 5 | . . . . . . . . . 1 . . . . . 4 . . . . . . . . . Intercept . | . . . . . . . . . . . . . . . . . . . . . . . . . Searches Triggered . | . . . . . . . . . . . . . . . . . . . . . . . . . Unchained Authorized 3 | . . . . . . . . . . . 1 . 1 . 1 . . . . . . . . . Construction Impeded . | . . . . . . . . . . . . . . . . . . . . . . . . . Haulers Reinforced 3 | . . . . . . . 1 . . . . . . . . . . . . 1 . . 1 . Active Scanning Responses . | . . . . . . . . . . . . . . . . . . . . . . . . . Cargo Convoy Interrupts . | . . . . . . . . . . . . . . . . . . . . . . . . . Stealth | -11 -10 -10 -8 -8 -6 -6 -6 -6 -5 -5 -5 -5 -4 -4 -4 -4 -4 -4 -3 -3 -3 -2 -2 -2 --------- Run | Yrd Mat Sub Rec Scr Fac Was Fac Gar Fac Gar Fac Gar Fac Gar Fac Upp Upp Zhi Pro Res Gar Res Qua Frg Distress Signals 27 | . . . . . 2 . 3 . . . . . . . 7 . . . . . . . 1 14 Communications Jammed . | . . . . . . . . . . . . . . . . . . . . . . . . . Distress Signals . | . . . . . . . . . . . . . . . . . . . . . . . . . Times Spotted 516 | . 11 19 2 . 58 8 43 8 28 11 17 32 5 40 73 1 10 . 6 21 20 16 11 76 Peak Tracking Total 18 | . 4 3 2 . 10 6 11 5 9 6 14 3 2 7 13 1 6 . 4 18 12 3 9 8 Tactical Retreats 67 | . . 1 . . 11 1 10 . 6 4 2 . . . 4 1 . . 1 3 3 5 3 12 ECM-based Alert Blocks 12 | . . . . . . . . . . . . . . . . . . . . . . 7 3 2 Traps | -11 -10 -10 -8 -8 -6 -6 -6 -6 -5 -5 -5 -5 -4 -4 -4 -4 -4 -4 -3 -3 -3 -2 -2 -2 ------- Run | Yrd Mat Sub Rec Scr Fac Was Fac Gar Fac Gar Fac Gar Fac Gar Fac Upp Upp Zhi Pro Res Gar Res Qua Frg Traps Triggered 44 | . . . . . 4 . 3 5 2 11 . 8 . 1 1 . . . . 1 . . . 8 Indirectly . | . . . . . . . . . . . . . . . . . . . . . . . . . Trap Hack Attempts 264 | . . . . . . . 28 . . . . . 52 2 . . . . . . . 13 . 169 Triggered 1 | . . . . . . . . . . . . . . . . . . . . . . . . 1 Disarmed 18 | . . . . . 17 . . . . . . . . . . . . . . . . . . 1 Reprogrammed 32 | . . . . . . . 5 . . . . . 7 1 . . . . . . . 3 . 16 Reused 21 | . . . . . . . . . . 4 . . 1 . . . . . . . . 1 . 15 Traps Extracted 19 | . . . . . . . 5 . . . . . 2 . . . . . . . . . . 12 Installed 22 | . . . . . . . . . . 8 . . . . . . . . . . . . . 14 Triggered 21 | . . . . . . . . . . 4 . . 1 . . . . . . . . 1 . 15 Most Traps Carried 6 | . . . . . . . 5 5 5 6 5 5 6 6 6 6 6 6 6 6 6 6 6 6 Machines | -11 -10 -10 -8 -8 -6 -6 -6 -6 -5 -5 -5 -5 -4 -4 -4 -4 -4 -4 -3 -3 -3 -2 -2 -2 ---------- Run | Yrd Mat Sub Rec Scr Fac Was Fac Gar Fac Gar Fac Gar Fac Gar Fac Upp Upp Zhi Pro Res Gar Res Qua Frg Machines Disabled 75 | . . 1 . . 1 . 3 5 . 6 . 8 . 8 8 . 1 . 1 . 2 1 3 27 Max in Single Turn 2 | . . 1 . . 1 . . 1 . 1 . 1 . 1 1 . 1 . 1 . 1 . 1 2 Garrison Access 9 | . . . . . 3 . . . . . . . . . 2 . . . . 1 . 1 1 1 Garrison Relay 17 | . . . . . . . . 1 . 2 . 6 . 6 . . . . . . 2 . . . Phase Generator 2 | . . . . . . . . 1 . . . . . 1 . . . . . . . . . . Machines Repaired . | . . . . . . . . . . . . . . . . . . . . . . . . . Machines Dismantled . | . . . . . . . . . . . . . . . . . . . . . . . . . Machines Sabotaged . | . . . . . . . . . . . . . . . . . . . . . . . . . Overloaded Fab Kills . | . . . . . . . . . . . . . . . . . . . . . . . . . Hacking | -11 -10 -10 -8 -8 -6 -6 -6 -6 -5 -5 -5 -5 -4 -4 -4 -4 -4 -4 -3 -3 -3 -2 -2 -2 --------- Run | Yrd Mat Sub Rec Scr Fac Was Fac Gar Fac Gar Fac Gar Fac Gar Fac Upp Upp Zhi Pro Res Gar Res Qua Frg Machines Accessed 200 | . 11 2 10 2 39 . 25 2 12 . 10 4 3 4 21 . 1 6 1 6 3 18 14 6 Terminals 104 | . 8 . 6 . 17 . 11 2 6 . 3 4 2 4 11 . . . . 2 3 12 11 2 Fabricators 17 | . . . . . 6 . 4 . . . 2 . . . 2 . . . . 1 . 2 . . Repair Stations 9 | . 1 . . . 2 . 1 . 1 . . . . . 2 . . . . . . 1 1 . Recycling Units 34 | . 2 . 4 . 8 . 5 . 4 . 3 . . . 3 . . . . 1 . 1 . 3 Scanalyzers 9 | . . . . . 3 . 2 . . . 1 . . . 1 . . . . . . 1 1 . Garrison Access 15 | . . . . . 3 . 2 . 1 . 1 . 1 . 2 . . . . 2 . 1 1 1 Total Hacks 555 | . 31 4 29 8 134 . 88 5 36 . 17 10 5 8 58 . 1 19 1 13 7 42 31 8 Successful 369 | . 20 4 17 8 97 . 49 1 24 . 11 2 2 4 40 . 1 19 1 11 6 24 21 7 Failed 183 | . 11 . 12 . 36 . 38 4 12 . 6 8 3 4 18 . . . . 2 1 17 10 1 Catastrophic 24 | . 1 . . . 3 . 5 1 1 . . 3 2 1 2 . . . . 1 . 2 2 . Database Lockouts 3 | . . . . . 1 . 1 . . . . . . . . . . . . . . 1 . . Manual 338 | . 22 . 23 . 80 . 56 1 25 . 13 3 4 2 47 . . . . 7 4 24 22 5 Terminals 351 | . 24 . 21 . 89 . 46 5 26 . 7 10 3 8 44 . . . . 4 7 29 25 3 Fabricators 42 | . . . . . 12 . 14 . . . 2 . . . 4 . . . . 6 . 4 . . Repair Stations 23 | . 5 . . . 7 . 3 . 2 . . . . . 2 . . . . . . 2 2 . Recycling Units 46 | . 2 . 8 . 10 . 8 . 7 . 3 . . . 3 . . . . 1 . 1 . 3 Scanalyzers 35 | . . . . . 11 . 10 . . . 3 . . . 3 . . . . . . 5 3 . Garrison Access 25 | . . . . . 5 . 7 . 1 . 2 . 2 . 2 . . . . 2 . 1 1 2 Terminal Hacks 132 | . 7 4 6 8 35 . 11 1 6 . . 2 . 4 11 . 1 19 1 1 5 6 3 1 Record 12 | . . 3 . . . . . . . . . . . . . . . 7 1 . . . 1 . Part Schematic 18 | . 2 . 3 . 4 . 4 . . . . . . . . . . 4 . . . . 1 . Robot Schematic 1 | . . . . . . . 1 . . . . . . . . . . . . . . . . . Robot Analysis 18 | . 2 . . 7 5 . . . . . . . . . . . . 4 . . . . . . Prototype ID Bank 11 | . 1 . . . 3 . . . 1 . . . . . 1 . . 4 . . . 1 . . Open Door 4 | . . . . . . . . . . . . 1 . 1 . . 1 . . . . 1 . . Branch Access Points 3 | . . . . . 1 . . . . . . . . . 1 . . . . . . 1 . . Emergency Access Points 4 | . . . . . . . . 1 . . . 1 . 1 . . . . . . 1 . . . Machine Index 1 | . . . . . . . 1 . . . . . . . . . . . . . . . . . Terminal Index 6 | . 1 . 1 . 1 . 1 . . . . . . . 1 . . . . . . 1 . . Recycling Unit Index 1 | . . . . . . . . . . . . . . . 1 . . . . . . . . . Scanalyzer Index 2 | . . . . . 1 . . . . . . . . . 1 . . . . . . . . . Garrison Index 1 | . . . . . . . . . . . . . . . 1 . . . . . . . . . Alert Level 2 | . . . . . 2 . . . . . . . . . . . . . . . . . . . Unreport Threat 7 | . . . . . 2 . . . 4 . . . . . 1 . . . . . . . . . Locate Traps 8 | . . . . . 4 . 3 . . . . . . . 1 . . . . . . . . . Disarm Traps 3 | . . . . . 3 . . . . . . . . . . . . . . . . . . . Recall Extermination 3 | . . . . . 1 . . . . . . . . . . . . . . . . 1 1 . Hauler Manifests 1 | . . . . . 1 . . . . . . . . . . . . . . . . . . . Registered Components 1 | . . . . . 1 . . . . . . . . . . . . . . . . . . . Registered Prototypes 1 | . . . . . 1 . . . . . . . . . . . . . . . . . . . Zone Layout 15 | . 1 . 2 . 5 . 1 . 1 . . . . . 3 . . . . 1 . 1 . . Garrison Registry 1 | . . . . . . . . . . . . . . . . . . . . . 1 . . . Patrol Navigation 3 | . . . . . . . . . . . . . . 1 . . . . . . 2 . . . Security Stations 2 | . . . . . . . . . . . . . . 1 . . . . . . 1 . . . Proto ID Catalog 3 | . . 1 . 1 . . . . . . . . . . . . . . . . . . . 1 Fabricator Hacks 13 | . . . . . 4 . 4 . . . . . . . 2 . . . . 3 . . . . Network Status 4 | . . . . . 2 . 1 . . . . . . . . . . . . 1 . . . . Load Schematic 6 | . . . . . 1 . 2 . . . . . . . 2 . . . . 1 . . . . Build 3 | . . . . . 1 . 1 . . . . . . . . . . . . 1 . . . . Repair Station Hacks 14 | . 4 . . . 5 . 2 . 1 . . . . . . . . . . . . . 2 . Scan Component 6 | . 2 . . . 2 . 1 . . . . . . . . . . . . . . . 1 . Repair 6 | . 2 . . . 2 . 1 . . . . . . . . . . . . . . . 1 . Refit 2 | . . . . . 1 . . . 1 . . . . . . . . . . . . . . . Recycling Unit Hacks . | . . . . . . . . . . . . . . . . . . . . . . . . . Scanalyzer 29 | . . . . . 11 . 7 . . . 1 . . . 3 . . . . . . 4 3 . Insert Component 10 | . . . . . 4 . 2 . . . . . . . 1 . . . . . . . 3 . Analyze 8 | . . . . . 5 . 2 . . . . . . . 1 . . . . . . . . . Retrieve Study 11 | . . . . . 2 . 3 . . . 1 . . . 1 . . . . . . 4 . . Garrison Access Hacks 16 | . . . . . 3 . 2 . 1 . 1 . 1 . 2 . . . . 2 . 1 1 2 Unlock Access 6 | . . . . . . . 2 . 1 . 1 . 1 . . . . . . 1 . . . . Seal Access 9 | . . . . . 3 . . . . . . . . . 2 . . . . 1 . 1 1 1 Coupler Status 1 | . . . . . . . . . . . . . . . . . . . . . . . . 1 Unauthorized Hacks 165 | . 9 . 11 . 39 . 23 . 16 . 9 . 1 . 22 . . . . 5 1 13 12 4 Terminals 109 | . 7 . 7 . 24 . 13 . 12 . 4 . 1 . 15 . . . . 1 1 11 12 1 Track 18 | . . . . . 6 . 2 . 2 . . . . . 4 . . . . . . 1 2 1 Assimilate 9 | . . . . . 2 . . . 1 . . . . . . . . . . . . 3 3 . Botnet 36 | . 2 . 2 . 10 . 6 . 3 . 1 . 1 . 6 . . . . 1 . 2 2 . Disrupt 2 | . . . . . . . . . 1 . . . . . . . . . . . 1 . . . Operators 1 | . . . . . 1 . . . . . . . . . . . . . . . . . . . Skim 43 | . 5 . 5 . 5 . 5 . 5 . 3 . . . 5 . . . . . . 5 5 . Fabricators 17 | . . . . . 7 . 3 . . . 2 . . . 2 . . . . 3 . . . . Report 1 | . . . . . . . . . . . . . . . . . . . . 1 . . . . Prioritize 3 | . . . . . 1 . 1 . . . . . . . . . . . . 1 . . . . Fabnet 10 | . . . . . 6 . 2 . . . 2 . . . . . . . . . . . . . Haulers 1 | . . . . . . . . . . . . . . . . . . . . 1 . . . . Recompile 2 | . . . . . . . . . . . . . . . 2 . . . . . . . . . Repair Stations 3 | . . . . . . . . . . . . . . . 2 . . . . . . 1 . . Mechanics 1 | . . . . . . . . . . . . . . . 1 . . . . . . . . . Patch 2 | . . . . . . . . . . . . . . . 1 . . . . . . 1 . . Recycling Units 34 | . 2 . 4 . 8 . 5 . 4 . 3 . . . 3 . . . . 1 . 1 . 3 Tunnel 6 | . 2 . 4 . . . . . . . . . . . . . . . . . . . . . Fedlink 26 | . . . . . 8 . 5 . 4 . 3 . . . 3 . . . . 1 . 1 . 1 Scraphulk 2 | . . . . . . . . . . . . . . . . . . . . . . . . 2 Scanalyzers . | . . . . . . . . . . . . . . . . . . . . . . . . . Garrison Access 2 | . . . . . . . 2 . . . . . . . . . . . . . . . . . Broadcast 1 | . . . . . . . 1 . . . . . . . . . . . . . . . . . Intercept 1 | . . . . . . . 1 . . . . . . . . . . . . . . . . . Data Cores Recovered 6 | . 1 . . . 2 . 1 . . . . . . . . . . . . . . 2 . . Used 2 | . . . . . 1 . 1 . . . . . . . . . . . . . . . . . Hacking Detections 121 | . 8 . 7 . 19 . 16 2 8 . 6 3 3 3 11 . . . . 3 3 14 13 2 Full Trace Events 18 | . . . 2 . 5 . 4 1 . . . 2 . . 2 . . . . 1 . 1 . . Feedback Events 2 | . . . . . 1 . . . . . . . . . . . . . . . . 1 . . Corruption 1 | . . . . . . . . . . . . . . . . . . . . . . 1 . . Hackware Fried 1 | . . . . . 1 . . . . . . . . . . . . . . . . . . . Feedback Blocked . | . . . . . . . . . . . . . . . . . . . . . . . . . Robot Schematics Acquired 8 | . . . . . . . 1 . . . . . . . . . . . . . . . 3 4 Robots Built . | . . . . . . . . . . . . . . . . . . . . . . . . . Authchips . | . . . . . . . . . . . . . . . . . . . . . . . . . Time . | . . . . . . . . . . . . . . . . . . . . . . . . . Total Robot Build Rating . | . . . . . . . . . . . . . . . . . . . . . . . . . Part Schematics Acquired 37 | . 2 . 3 . 7 . 6 . . . . . . . 1 . . 4 . . . . 7 7 Parts Built 4 | . . . . . 2 . 1 . . . . . . . . . . . . 1 . . . . Authchips 1 | . . . . . . . . . . . . . . . . . . . . 1 . . . . Time 171 | . . . . . 42 . 76 . . . . . . . . . . . . 53 . . . . Total Part Build Rating 19 | . . . . . 8 . 5 . . . . . . . . . . . . 6 . . . . Part Studies Acquired 11 | . . . . . 2 . 3 . . . 1 . . . 1 . . . . . . 4 . . Parts Repaired 6 | . 2 . . . 2 . 1 . . . . . . . . . . . . . . . 1 . Time 220 | . 52 . . . 124 . 22 . . . . . . . . . . . . . . . 22 . Parts Recycled . | . . . . . . . . . . . . . . . . . . . . . . . . . Recycled Matter . | . . . . . . . . . . . . . . . . . . . . . . . . . Retrieved Matter . | . . . . . . . . . . . . . . . . . . . . . . . . . Retrieved Components . | . . . . . . . . . . . . . . . . . . . . . . . . . Parts Scanalyzed 6 | . . . . . 3 . 2 . . . . . . . 1 . . . . . . . . . Part Schematics Acquired 6 | . . . . . 3 . 2 . . . . . . . 1 . . . . . . . . . Parts Damaged . | . . . . . . . . . . . . . . . . . . . . . . . . . Bothacking | -11 -10 -10 -8 -8 -6 -6 -6 -6 -5 -5 -5 -5 -4 -4 -4 -4 -4 -4 -3 -3 -3 -2 -2 -2 ------------ Run | Yrd Mat Sub Rec Scr Fac Was Fac Gar Fac Gar Fac Gar Fac Gar Fac Upp Upp Zhi Pro Res Gar Res Qua Frg Used RIF Installer 6 | . . . . . . . . 1 . 1 . 2 . 1 . . . . . . 1 . . . Code Merge 1 | . . . . . . . . . . . . 1 . . . . . . . . . . . . Watcher Feeds 1 | . . . . . . . . . . . . 1 . . . . . . . . . . . . Patrol Navigation 1 | . . . . . . . . . . 1 . . . . . . . . . . . . . . Autoassimilate 2 | . . . . . . . . . . . . . . 1 . . . . . . 1 . . . Robots Hacked 91 | . . . . . 1 . . . 5 1 1 17 9 20 20 . 1 . . . 1 5 3 7 Non-combat 21 | . . . . . 1 . . . 1 . . . 5 . 7 . . . . . . 5 1 1 Combat 62 | . . . . . . . . . 4 1 1 17 4 20 13 . 1 . . . 1 . . . Autoassimilated 2 | . . . . . . . . . . . . . . 2 . . . . . . . . . . Robot Hacks Applied 62 | . . . . . 1 . . . 1 . . 13 12 12 15 . . . . . 1 5 1 1 parse_system 1 | . . . . . . . . . . . . . . . . . . . . . . . . 1 find_chute 2 | . . . . . 1 . . . 1 . . . . . . . . . . . . . . . map_walls 3 | . . . . . . . . . . . . . . . 2 . . . . . . 1 . . find_dsf 1 | . . . . . . . . . . . . . . . 1 . . . . . . . . . drop_inventory 7 | . . . . . . . . . . . . . 2 . 2 . . . . . . 3 . . purge_threat 3 | . . . . . . . . . . . . . 3 . . . . . . . . . . . block_reporting 2 | . . . . . . . . . . . . . 1 . . . . . . . . . 1 . scatter_targeting 1 | . . . . . . . . . . . . 1 . . . . . . . . . . . . spike_heat 1 | . . . . . . . . . . . . 1 . . . . . . . . . . . . amplify_resonance 6 | . . . . . . . . . . . . . . 3 2 . . . . . 1 . . . overwrite_iff 4 | . . . . . . . . . . . . 1 1 1 1 . . . . . . . . . formatsys_low 6 | . . . . . . . . . . . . . 3 . 2 . . . . . . 1 . . formatsys_high 25 | . . . . . . . . . . . . 10 2 8 5 . . . . . . . . . Manual 8 | . . . . . . . . . . . . . . . . . . . . . . . 2 6 Relay Couplers Released 67 | . . . . . . . . 3 . 6 . 26 . 24 . . . . . . 8 . . . Machine Destruction 67 | . . . . . . . . 3 . 6 . 26 . 24 . . . . . . 8 . . . Attached 24 | . . . . . . . . . . 1 . 12 1 8 1 . . . . . 1 . . . Merged Code Value 46 | . . . . . . . . . . . . 21 . 14 . . . . . . 11 . . . Fabnet Peak Effective % 15 | . . . . . . . . . 15 15 15 15 11 11 11 11 11 11 1 1 1 . . . Autooverrided 27 | . . . . . . . . . 4 1 1 7 1 6 6 . 1 . . . . . . . Robots Rewired 13 | . . . . . 1 . . . . . . 5 . 3 . . 4 . . . . . . . Allies Hacked 7 | . . . . . . . . . . . . 2 . . . . 1 . 1 . . 2 . 1 Hacks Repelled . | . . . . . . . . . . . . . . . . . . . . . . . . . Allies | -11 -10 -10 -8 -8 -6 -6 -6 -6 -5 -5 -5 -5 -4 -4 -4 -4 -4 -4 -3 -3 -3 -2 -2 -2 -------- Run | Yrd Mat Sub Rec Scr Fac Was Fac Gar Fac Gar Fac Gar Fac Gar Fac Upp Upp Zhi Pro Res Gar Res Qua Frg Total Allies 108 | . . . . . 2 18 . . 5 1 1 23 7 22 14 . 5 . . . 2 3 3 2 Largest Group 22 | . . . . . 1 18 15 . 1 1 1 11 13 17 22 . 4 4 4 . 2 4 3 2 Highest-Rated Group 970 | . . . . . 32 656 579 . 29 41 29 426 517 776 970 . 137 137 137 . 157 206 135 278 Highest-Rated Ally 139 | . . . . . 32 50 50 . 29 41 29 80 62 95 95 . 56 47 47 . 95 95 45 139 Total Orders 23 | . . . . . 1 . . . . . . 9 1 3 3 . . 1 . . . 3 1 1 STAY 10 | . . . . . 1 . . . . . . 5 . 1 . . . 1 . . . 2 . . FOLLOW 5 | . . . . . . . . . . . . 4 . . . . . . . . . . 1 . GUARD 1 | . . . . . . . . . . . . . . . . . . . . . . . . 1 AID 7 | . . . . . . . . . . . . . 1 2 3 . . . . . . 1 . . Ally Attacks 694 | . . . . . 1 107 118 . 22 3 8 115 5 122 117 . 7 . 10 . . 18 . 41 Total Damage 21593 | . . . . . 5 5287 2413 . 340 95 132 2477 148 3855 3185 . 273 . 276 . . 713 . 2394 Kills 94 | . . . . . . 7 13 . . 1 1 12 1 18 19 . 1 . 2 . . 4 . 15 Allies Corrupted 6 | . . . . . . . . . . . . 3 . . 3 . . . . . . . . . Allies Melted 7 | . . . . . . . . . . 1 . . . . 1 . . . . . . . . 5 Intel | -11 -10 -10 -8 -8 -6 -6 -6 -6 -5 -5 -5 -5 -4 -4 -4 -4 -4 -4 -3 -3 -3 -2 -2 -2 ------- Run | Yrd Mat Sub Rec Scr Fac Was Fac Gar Fac Gar Fac Gar Fac Gar Fac Upp Upp Zhi Pro Res Gar Res Qua Frg Active Infowar (turns) 11526 | . 557 . . . 958 109 670 . 186 15 224 112 191 665 769 288 439 45 267 278 4 609 548 4592 Sensors 11013 | . 557 . . . 958 109 670 . 112 2 1 . 191 665 769 255 439 45 267 278 4 609 548 4534 IFF 424 | . . . . . . . . . 76 13 223 112 . . . . . . . . . . . . Structural 368 | . . . . . . . . . . . . . . . 333 35 . . . . . . . . Seismic 11 | . . . . . . . . . . . . . . . . . . . . 11 . . . . Cloaking 4145 | . . . . . . . . . . . . . . . . . . . . . . 228 492 3425 ECM 546 | . . . . . . . . . . . . . . . . . . . . . . 210 41 295 Robot Analysis Total 18 | . 2 . . 7 5 . . . . . . . . . . . . 4 . . . . . . Derelict Logs Recovered 9 | . . 3 . 2 . . . . . . . . . . . 3 1 . . . . . . . Drone Launches . | . . . . . . . . . . . . . . . . . . . . . . . . . Drone Recoveries . | . . . . . . . . . . . . . . . . . . . . . . . . . Exploration | -11 -10 -10 -8 -8 -6 -6 -6 -6 -5 -5 -5 -5 -4 -4 -4 -4 -4 -4 -3 -3 -3 -2 -2 -2 ------------- Run | Yrd Mat Sub Rec Scr Fac Was Fac Gar Fac Gar Fac Gar Fac Gar Fac Upp Upp Zhi Pro Res Gar Res Qua Frg Turns Passed 22510 | 58 943 4686 739 1723 1663 116 1066 277 292 395 224 935 304 703 1058 288 439 45 267 278 151 609 548 4703 Spaces Moved 28352 | 45 782 2789 458 1065 2848 197 1832 482 906 591 688 1312 578 1359 2276 609 979 134 471 565 397 1294 1429 4266 Core 12 | 12 . . . . . . . . . . . . . . . . . . . . . . . . Treads 2220 | . . 683 458 1065 1 . . . . . . . . . . . . . . . . . . 13 Legs 1830 | . . . . . . . . . . . . . . . . . . . . . . . . 1830 Wheels 3236 | 33 782 2106 . . 315 . . . . . . . . . . . . . . . . . . . Hover 9 | . . . . . . . . . . . . . . . . . . . . . . . . 9 Flight 21045 | . . . . . 2532 197 1832 482 906 591 688 1312 578 1359 2276 609 979 134 471 565 397 1294 1429 2414 Fastest Speed 14 | 50 95 80 160 160 22 23 23 23 19 23 25 25 24 19 19 27 27 27 27 24 24 19 24 14 Average Speed 51 | 81 101 142 160 160 30 23 23 23 20 25 25 25 26 20 25 27 27 27 27 24 24 21 24 60 Slowest Speed 260 | 95 110 260 160 160 160 23 29 23 97 27 27 27 27 24 28 27 27 27 27 27 27 94 24 180 Overloaded Moves . | . . . . . . . . . . . . . . . . . . . . . . . . . Propulsion Burnouts . | . . . . . . . . . . . . . . . . . . . . . . . . . Robots Hopped 118 | . . . . . 17 4 11 . 9 . 7 . . . 9 . 2 . . 15 10 15 6 13 Potential Cave-ins 35 | . . . . . . . . . . . . . . . . . . . . . . . 2 33 Cave-ins Triggered 1 | . . . . . . . . . . . . . . . . . . . . . . . . 1 Teleports 1 | . . . . . . . . . . . . . . . . . . . . . . . . 1 Exploration Rate (%) 61 | 4 97 94 78 80 75 83 53 68 23 46 19 92 22 98 52 72 96 60 61 20 52 41 95 68 Regions Visited 24 Branch Regions 9 Pre-discovered Areas 22 | . 2 2 4 . 1 . 2 . . . . . . . 4 2 1 3 . . . . 1 . Known Exits Taken 12 | . . . . . . . 1 . 1 . 1 . 1 . 1 1 1 1 1 1 . 1 1 . Unknown Exits Taken 5 | 1 1 1 1 1 . . . . . . . . . . . . . . . . . . . . Scrap Searched 27 | . . 17 . 6 . . . . . . . . . . . 2 2 . . . . . . . Spaces Dug 418 | . 4 18 . . 48 . 33 18 7 4 8 30 3 7 47 11 8 . 3 19 4 9 35 102 Terrain Destroyed 663 | 4 10 18 . . 48 . 33 90 7 4 8 91 3 18 47 11 8 . 3 19 4 11 35 191 Melee 260 | . 4 18 . . 48 . 24 18 . 4 8 30 3 7 17 11 8 . 3 19 4 . 14 20 Projectile 128 | . . . . . . . 9 . . . . . . . . . . . . . . 11 21 87 AOE 275 | 4 6 . . . . . . 72 7 . . 61 . 11 30 . . . . . . . . 84 Terrain Rammed . | . . . . . . . . . . . . . . . . . . . . . . . . . Walls Destroyed . | . . . . . . . . . . . . . . . . . . . . . . . . . Machines Disabled . | . . . . . . . . . . . . . . . . . . . . . . . . . Actions | -11 -10 -10 -8 -8 -6 -6 -6 -6 -5 -5 -5 -5 -4 -4 -4 -4 -4 -4 -3 -3 -3 -2 -2 -2 --------- Run | Yrd Mat Sub Rec Scr Fac Was Fac Gar Fac Gar Fac Gar Fac Gar Fac Upp Upp Zhi Pro Res Gar Res Qua Frg Total 34442 | 57 896 3206 462 1085 3416 265 2336 587 966 785 707 1746 715 1702 2646 715 1121 141 600 658 419 1587 1580 6044 Wait 3544 | . 71 122 3 . 348 57 349 30 14 114 6 238 51 242 243 84 112 . 119 77 12 232 81 939 Move 28106 | 44 781 2788 457 1064 2814 190 1811 481 889 590 673 1311 577 1358 2257 608 974 133 470 538 378 1264 1416 4240 Hop 106 | . . . . . 17 2 10 . 8 . 7 . . . 9 . 2 . . 11 8 14 6 12 Pick Up 158 | 4 12 10 . 13 16 2 7 . . 4 1 6 . 3 8 1 2 1 2 1 1 6 5 53 Fast Attach 178 | 6 3 21 1 3 24 2 12 1 10 1 3 10 4 6 7 2 . 3 . 3 1 7 4 44 Attach 129 | . . 11 . . 15 4 7 1 1 3 1 3 2 2 6 1 . . . 3 2 5 8 54 Detach 97 | . 2 7 . . 9 2 8 1 1 1 . 2 . 1 3 . . . . 1 . . 10 49 Swap 217 | . 5 25 . . 20 1 18 2 10 4 1 19 4 11 10 3 . 1 . . 1 13 6 63 Drop 236 | . 3 35 . 5 28 5 20 1 8 2 2 13 1 2 15 5 2 3 2 2 1 7 5 69 Fire 370 | 3 12 88 . . 39 . 13 1 21 . . 24 . 22 17 . . . . . 1 18 5 106 Melee 821 | . 7 85 1 . 79 . 50 29 3 28 13 100 19 42 64 11 28 . 7 22 14 5 34 180 Ram . | . . . . . . . . . . . . . . . . . . . . . . . . . Kick . | . . . . . . . . . . . . . . . . . . . . . . . . . Crush . | . . . . . . . . . . . . . . . . . . . . . . . . . Escape Stasis 137 | . . . . . . . . 40 . 30 . 10 . 5 . . . . . . . . . 52 Rewire 33 | . . . . . 3 . . . . . . 10 5 6 7 . 1 . . . . 1 . . Trap 286 | . . . . . . . 28 . . 8 . . 52 2 . . . . . . . 13 . 183 Miscellaneous 24 | . . 14 . . 4 . 3 . 1 . . . . . . . . . . . . 2 . . Route ------- -11/Scrapyard -10/Materials (discovered 6 exits: *Mat x3 / *Min x2 / *Sub) -10/Subcaves (discovered 4 exits: *Mat x2 / *Rec / *Scr) -8/Recycling (discovered 2 exits: *Fac / *Scr) -8/Scraptown (discovered 2 exits: *Fac x2) -6/Factory (discovered 7 exits: *Fac x3 / *Low x2 / Ext x2) -6/Waste -6/Factory (discovered 7 exits: *Fac x3 / *Low x2 / Gar / Gar) -6/Garrison -5/Factory (discovered 3 exits: *Upp x2 / Gar) -5/Garrison -5/Factory (discovered 3 exits: *Fac / *Upp / Gar) -5/Garrison (discovered 3 exits: *Fac x3) -4/Factory -4/Garrison (discovered 3 exits: *Fac x3) -4/Factory (discovered 5 exits: *Res x3 / *Upp x2) -4/Upper Caves -4/Upper Caves (discovered 2 exits: *Res / *Zhi) -4/Zhirov -3/Proximity Caves -3/Research (discovered 2 exits: Tes / Gar) -3/Garrison (discovered 3 exits: *Res x3) -2/Research (discovered 4 exits: *Acc x2 / *Qua x2) -2/Quarantine (discovered 3 exits: *Acc / *Sec / *Frg) -2/Protoforge (discovered 1 exit: Acc) History --------- Turn | Location | Event 10 | -11/Scrapyard | Discovered new exit (range 14) 59 | -11/Scrapyard | Entered Materials 60 | -10/Materials | Met a group of wandering Federalists 127 | -10/Materials | Discovered new exit (range 16) 240 | -10/Materials | Discovered new exit (range 15) 296 | -10/Materials | Identified exit to Mines 307 | -10/Materials | Lost 3 allies 313 | -10/Materials | Build established: Mutant 344 | -10/Materials | Discovered new exit (range 16) 364 | -10/Materials | Discovered new exit (range 13) 410 | -10/Materials | Identified exit to Materials 478 | -10/Materials | Learned location of 3 exits from Materials 496 | -10/Materials | Learned location of 1 exit from Storage 506 | -10/Materials | Learned location of 2 exits from Mines 524 | -10/Materials | Learned location of 2 exits from Mines 592 | -10/Materials | Learned Storage emergency access door positions 873 | -10/Materials | Repaired EM Pulse Gun 901 | -10/Materials | Repaired EM Pulse Gun 1002 | -10/Materials | Entered Subcaves 1003 | -10/Subcaves | Continued accompanying wandering Federalists (3) 1003 | -10/Subcaves | Approached by a straggling Scientist 1003 | -10/Subcaves | Identified exit to Materials 1209 | -10/Subcaves | Wandering Federalist uncovered a shortcut to Scraptown 1331 | -10/Subcaves | Visited Clippyterm 1335 | -10/Subcaves | Learned location of Deep Caves (-6) 1860 | -10/Subcaves | Lost 5 parts (2n1u2w) 2173 | -10/Subcaves | Learned Materials interactive machine intel 2186 | -10/Subcaves | Visited 4L-MR0's lab 2264 | -10/Subcaves | Found Meta Core 2413 | -10/Subcaves | Shifting Twisted Machinery released Mak. Hacking Suite 2414 | -10/Subcaves | Shifting Twisted Machinery released Battle Rifle 2613 | -10/Subcaves | Build established: Subdweller-Mutant 3017 | -10/Subcaves | A swath of the cavern ceiling suddenly collapsed 3025 | -10/Subcaves | Core integrity fell below 50% 3082 | -10/Subcaves | Discovered new exit (range 9) 3783 | -10/Subcaves | Learned Materials non-interactive machine intel 3895 | -10/Subcaves | A swath of the cavern ceiling suddenly collapsed 4832 | -10/Subcaves | Ambushed by Subdweller buried in earth 5688 | -10/Subcaves | Entered Recycling 5738 | -8/Recycling | Build established: Mutant 5882 | -8/Recycling | Discovered new exit (range 8) 6387 | -8/Recycling | Scanned before Scraplab entrance 6410 | -8/Recycling | Entered Scraplab 6422 | -8/Recycling | Discovered new exit (range 2) 6427 | -8/Recycling | Entered Scraptown 6511 | -8/Scraptown | Visited Science Testing Area 6538 | -8/Scraptown | Visited UFD Registry 6538 | -8/Scraptown | Registered with UFD as "Longmachine" 6595 | -8/Scraptown | Visited CPS Storage 6615 | -8/Scraptown | Visited The Evicted 6631 | -8/Scraptown | Visited Awakened 6691 | -8/Scraptown | Scanned Subdweller tech in exchange for log data 6696 | -8/Scraptown | Learned location of 1 exit from Research 6698 | -8/Scraptown | Learned Factory emergency access door positions 6725 | -8/Scraptown | Discovered new exit (range 11) 6897 | -8/Scraptown | Visited DA-N13 Charitable Foundation 6988 | -8/Scraptown | Delivered Scrap Shield to a Scientist 7063 | -8/Scraptown | Visited Scrapoid Research Area 7093 | -8/Scraptown | Visited Science Guys 7143 | -8/Scraptown | Visited Infowarlord's Domain 7176 | -8/Scraptown | Visited Scrap Suit Storage 7194 | -8/Scraptown | Visited Chapter 10 7221 | -8/Scraptown | Visited Analyses Database 7260 | -8/Scraptown | Visited Supply Room 7299 | -8/Scraptown | Visited Research Penetration Think Tank 7377 | -8/Scraptown | Found DCF Scrap (29 items) 7934 | -8/Scraptown | Found Exp. Terrain Scan Processor 7970 | -8/Scraptown | Found Scrap Suit 8067 | -8/Scraptown | Met Optimus 8067 | -8/Scraptown | Accepted into 0bPrime 8147 | -8/Scraptown | Discovered new exit (range 3) 8150 | -8/Scraptown | Entered Factory 8150 | -6/Factory | Evolved 8 slots: Propulsion x4, Utility x4 8458 | -6/Factory | Build established: Derelict-Scrapper 8572 | -6/Factory | Lost 4 parts (1p1n1u1w) 8574 | -6/Factory | Discovered new exit (range 15) 8669 | -6/Factory | Discovered new exit (range 14) 8684 | -6/Factory | Loaded intel: 8 recycling unit locations 8764 | -6/Factory | Learned location of Protoforge (-2) 8770 | -6/Factory | Discovered new exit (range 10) 8773 | -6/Factory | Identified exit to Lower Caves 8893 | -6/Factory | Build established: Hacker-Sprinter 8978 | -6/Factory | Identified exit to Extension 8978 | -6/Factory | Identified exit to Factory 9036 | -6/Factory | Learned 4 Extension zone layouts 9038 | -6/Factory | Imp. Hacking Suite fried by hacking feedback 9083 | -6/Factory | Learned location of 1 exit from Cetus 9114 | -6/Factory | Discovered exit to Extension (range 17) 9119 | -6/Factory | Learned Hub_04(d) terminal intel 9143 | -6/Factory | Loaded intel: 27 terminal locations 9178 | -6/Factory | Learned location of 1 exit from Extension 9181 | -6/Factory | Fabricated Imp. Trap Extractor? 9208 | -6/Factory | Learned location of 1 exit from Cetus 9577 | -6/Factory | Repaired Biomechanical Wings 9622 | -6/Factory | Repaired Greatsword 9718 | -6/Factory | Spotted B-75 Beast 9724 | -6/Factory | Discovered exit to Factory (range 11) 9728 | -6/Factory | Central database locked down 9813 | -6/Factory | Manually triggered Chute Trap 9813 | -6/Factory | Sucked down chute 9813 | -6/Factory | Entered Waste 9816 | -6/Waste | Spotted C-40 Crusher 9817 | -6/Waste | Spotted C-40 Crusher 9820 | -6/Waste | Spotted C-40 Crusher 9822 | -6/Waste | Spotted C-40 Crusher 9822 | -6/Waste | Spotted C-40 Crusher 9839 | -6/Waste | Spotted C-40 Crusher 9841 | -6/Waste | Discovered new exit (range 14) 9848 | -6/Waste | Warlord forces began an assault 9853 | -6/Waste | Allies destroyed C-40 Crusher 9894 | -6/Waste | Allies destroyed C-40 Crusher 9896 | -6/Waste | Allies destroyed C-40 Crusher 9897 | -6/Waste | Allies destroyed C-40 Crusher 9901 | -6/Waste | Identified exit to Factory 9925 | -6/Waste | Lost 3 allies 9929 | -6/Waste | Entered Factory 9929 | -6/Factory | Accompanied by 15 allies 10146 | -6/Factory | Discovered exit to Factory (range 7) 10180 | -6/Factory | Loaded intel: 8 recycling unit locations 10267 | -6/Factory | Lost 3 allies 10305 | -6/Factory | Spotted B-75 Beast 10347 | -6/Factory | Allies destroyed B-75 Beast 10405 | -6/Factory | Identified exit to Garrison 10411 | -6/Factory | Lost 5 allies 10549 | -6/Factory | Learned location of 1 exit from Extension 10612 | -6/Factory | Learned location of 1 exit from Hub_04(d) 10629 | -6/Factory | First assault squad dispatched 10638 | -6/Factory | Discovered exit to Lower Caves (range 16) 10709 | -6/Factory | Learned location of Zion (-6) 10719 | -6/Factory | Repaired Greatsword+? 10744 | -6/Factory | Learned location of Warlord (-5) 10770 | -6/Factory | Learned Extension stockpile data 10806 | -6/Factory | Central database locked down 10912 | -6/Factory | Fabricated Exp. Propulsion Shielding? 10989 | -6/Factory | Loaded intel: 102 trap records 10995 | -6/Factory | Identified exit to Garrison 10995 | -6/Factory | Entered Garrison 11050 | -6/Garrison | Spotted B-86 Titan 11055 | -6/Garrison | Spotted B-75 Beast 11080 | -6/Garrison | Garrison Relay disabled 11126 | -6/Garrison | Warlord forces raided the area 11136 | -6/Garrison | Phase Generator disabled 11137 | -6/Garrison | Core integrity fell below 50% 11260 | -6/Garrison | Discovered exit to Factory (range 10) 11268 | -6/Garrison | Installed Relay Interface Framework 11272 | -6/Garrison | Entered Factory 11272 | -5/Factory | Evolved 2 slots: Power x1, Propulsion x1 11273 | -5/Factory | Identified exit to Upper Caves 11280 | -5/Factory | Loaded intel: 8 recycling unit locations 11407 | -5/Factory | Spotted B-75 Beast 11510 | -5/Factory | Local machine network offline 11556 | -5/Factory | Garrison activated, responded to threat 11564 | -5/Factory | Identified exit to Garrison 11564 | -5/Factory | Entered Garrison 11645 | -5/Garrison | Triggered checkpoint 11646 | -5/Garrison | Local machine network offline 11776 | -5/Garrison | Lost 4 parts (1p2n1u) 11778 | -5/Garrison | Garrison Relay disabled 11886 | -5/Garrison | Garrison Relay disabled 11937 | -5/Garrison | Expanded RIF knowledge: Patrol Navigation 11956 | -5/Garrison | Discovered new exit (range 12) 11959 | -5/Garrison | Entered Factory 11970 | -5/Factory | Discovered exit to Upper Caves (range 12) 11979 | -5/Factory | Loaded intel: 8 recycling unit locations 12029 | -5/Factory | Identified exit to Garrison 12046 | -5/Factory | Build established: Sprinter 12091 | -5/Factory | Discovered new exit (range 13) 12105 | -5/Factory | Unchained authorized (QV-33N) 12183 | -5/Factory | Entered Garrison 12225 | -5/Garrison | Garrison Relay disabled 12233 | -5/Garrison | Attached Meta Core, gained temporary slots: Propulsion, Utility, Weapon 12261 | -5/Garrison | Triggered checkpoint 12292 | -5/Garrison | Garrison Relay disabled 12451 | -5/Garrison | Triggered checkpoint 12461 | -5/Garrison | Triggered checkpoint 12481 | -5/Garrison | Discovered new exit (range 10) 12492 | -5/Garrison | Triggered checkpoint 12525 | -5/Garrison | Lost 3 allies 12525 | -5/Garrison | Garrison Relay disabled 12529 | -5/Garrison | Triggered checkpoint 12585 | -5/Garrison | Triggered checkpoint 12623 | -5/Garrison | Garrison Relay disabled 12639 | -5/Garrison | Triggered checkpoint 12683 | -5/Garrison | Triggered checkpoint 12744 | -5/Garrison | Discovered new exit (range 10) 12754 | -5/Garrison | Garrison Relay disabled 12769 | -5/Garrison | Triggered checkpoint 12787 | -5/Garrison | Found embedded Infiltrators 12810 | -5/Garrison | Expanded RIF knowledge: Watcher Feeds 12886 | -5/Garrison | Garrison Relay disabled 12887 | -5/Garrison | Triggered checkpoint 12917 | -5/Garrison | Discovered new exit (range 8) 12956 | -5/Garrison | Expanded RIF knowledge: Code Merge 13111 | -5/Garrison | Build established: Bothacker-Sprinter 13118 | -5/Garrison | Entered Factory 13118 | -4/Factory | Accompanied by 8 allies 13118 | -4/Factory | Evolved 2 slots: Utility x2 13203 | -4/Factory | Local machine network offline 13206 | -4/Factory | Found Exp. Signal Interpreter 13334 | -4/Factory | Unchained authorized (QV-33N) 13360 | -4/Factory | Identified exit to Garrison 13422 | -4/Factory | Entered Garrison 13422 | -4/Garrison | Accompanied by 11 allies 13441 | -4/Garrison | Spotted B-86 Titan 13510 | -4/Garrison | Destroyed B-86 Titan 13539 | -4/Garrison | Lost 3 allies 13540 | -4/Garrison | Garrison Relay disabled 13616 | -4/Garrison | Phase Generator disabled 13652 | -4/Garrison | Triggered checkpoint 13664 | -4/Garrison | Garrison Relay disabled 13682 | -4/Garrison | Triggered checkpoint 13684 | -4/Garrison | Triggered checkpoint 13716 | -4/Garrison | Triggered checkpoint 13733 | -4/Garrison | Learned Factory security intel 13734 | -4/Garrison | Discovered new exit (range 12) 13736 | -4/Garrison | Identified exit to Factory 13768 | -4/Garrison | Discovered exit to Factory (range 15) 13786 | -4/Garrison | Expanded RIF knowledge: Autoassimilate 13796 | -4/Garrison | Triggered checkpoint 13820 | -4/Garrison | Garrison Relay disabled 13856 | -4/Garrison | Discovered exit to Factory (range 12) 13863 | -4/Garrison | Garrison Relay disabled 13872 | -4/Garrison | Triggered checkpoint 13894 | -4/Garrison | Triggered checkpoint 13919 | -4/Garrison | Found embedded Infiltrators 14055 | -4/Garrison | Local machine network offline 14056 | -4/Garrison | Triggered checkpoint 14060 | -4/Garrison | Garrison Relay disabled 14092 | -4/Garrison | Garrison Relay disabled 14115 | -4/Garrison | Lost 3 allies 14125 | -4/Garrison | Entered Factory 14125 | -4/Factory | Accompanied by 16 allies 14176 | -4/Factory | Build established: Commander-Sprinter 14298 | -4/Factory | Unchained authorized (QV-33N) 14376 | -4/Factory | Identified exit to Upper Caves 14429 | -4/Factory | Loaded intel: 8 recycling unit locations 14550 | -4/Factory | Lost 6 allies 14672 | -4/Factory | Lost 4 allies 14792 | -4/Factory | Destroyed QV-33N 14797 | -4/Factory | Build established: Bothacker-Sprinter 14800 | -4/Factory | Found ID Mask 14801 | -4/Factory | Garrison activated, responded to threat 14875 | -4/Factory | First assault squad dispatched 14972 | -4/Factory | Learned Armory fabricator intel 15064 | -4/Factory | Learned 4 Proximity Caves zone layouts 15073 | -4/Factory | Learned Armory interactive machine intel 15074 | -4/Factory | Learned location of Armory (-3) 15083 | -4/Factory | Garrison activated, responded to threat 15097 | -4/Factory | Build established: Scout 15100 | -4/Factory | Discovered new exit (range 6) 15102 | -4/Factory | Identified exit to Research 15183 | -4/Factory | Entered Upper Caves 15185 | -4/Upper Caves | UFD Scientist delivered a prototype 15186 | -4/Upper Caves | Found Prototype Protection 15186 | -4/Upper Caves | Identified Enh. Scrap Shield 15260 | -4/Upper Caves | Learned Research non-interactive machine intel 15361 | -4/Upper Caves | Attracted the attention of an 0b10 checkpoint 15467 | -4/Upper Caves | Discovered new exit (range 14) 15470 | -4/Upper Caves | Identified exit to Upper Caves 15471 | -4/Upper Caves | Entered another Upper Caves area 15478 | -4/Upper Caves | Build established: Sprinter 15626 | -4/Upper Caves | Discovered exit to Research (range 10) 15677 | -4/Upper Caves | Attacked by a delusional Derelict stockpiling Unaware 15794 | -4/Upper Caves | Discovered new exit (range 15) 15905 | -4/Upper Caves | Identified exit to Zhirov 15910 | -4/Upper Caves | Ambushed by research squad 15910 | -4/Upper Caves | Entered Zhirov 15910 | -4/Zhirov | Accompanied by 4 allies 15910 | -4/Zhirov | Discovered new exit (range 3) 15915 | -4/Zhirov | Met Zhirov 15921 | -4/Zhirov | Learned location of Quarantine (-2) 15923 | -4/Zhirov | Zhirov requested help retrieving the SGEMP Prototype 15927 | -4/Zhirov | Found Alien Artifact 15927 | -4/Zhirov | Identified Integrated Reactor 15927 | -4/Zhirov | Installed Integrated Reactor, increased core energy generation (+10) 15941 | -4/Zhirov | Found Alien Artifact 15955 | -4/Zhirov | Identified exit to Proximity Caves 15955 | -4/Zhirov | Entered Proximity Caves 15955 | -3/Proximity Caves | Accompanied by 4 allies 16055 | -3/Proximity Caves | Found Alien Artifact 16222 | -3/Proximity Caves | Entered Research 16222 | -3/Research | Evolved 2 slots: Propulsion x1, Utility x1 16223 | -3/Research | Identified exit to Testing 16224 | -3/Research | Loaded intel: 67 non-interactive machine locations 16298 | -3/Research | Fabricated Adv. Hacking Suite (x1) 16370 | -3/Research | Loaded intel: 5 recycling unit locations 16498 | -3/Research | Identified exit to Garrison 16500 | -3/Research | Entered Garrison 16537 | -3/Garrison | Garrison Relay disabled 16554 | -3/Garrison | Discovered new exit (range 47) 16554 | -3/Garrison | Discovered new exit (range 66) 16554 | -3/Garrison | Discovered new exit (range 37) 16571 | -3/Garrison | Spotted B-86 Titan 16572 | -3/Garrison | Triggered checkpoint 16573 | -3/Garrison | Triggered checkpoint 16588 | -3/Garrison | Learned Research security intel 16591 | -3/Garrison | Garrison Relay disabled 16610 | -3/Garrison | Build established: Hacker-Sprinter 16618 | -3/Garrison | Expanded RIF knowledge: Autoassimilate 16620 | -3/Garrison | Triggered checkpoint 16649 | -3/Garrison | Found embedded Infiltrators 16651 | -3/Garrison | Identified exit to Research 16651 | -3/Garrison | Entered Research 16651 | -2/Research | Accompanied by 2 allies 16651 | -2/Research | Evolved 2 slots: Utility x2 16652 | -2/Research | Identified exit to Quarantine 16653 | -2/Research | Lost 5 parts (1n3u1w) 16840 | -2/Research | Lost 3 allies 16913 | -2/Research | Found Exp. Hacking Suite 17012 | -2/Research | Discovered new exit (range 11) 17053 | -2/Research | Loaded intel: 4 recycling unit locations 17186 | -2/Research | Identified exit to Access 17251 | -2/Research | Central database locked down 17255 | -2/Research | Loaded intel: 4 recycling unit locations 17260 | -2/Research | Entered Quarantine 17260 | -2/Quarantine | Accompanied by 1 ally 17302 | -2/Quarantine | Repaired Adv. ECM Suite? 17390 | -2/Quarantine | Identified Dimensional Node Initializer 17390 | -2/Quarantine | Identified Transdimensional Reconstructor 17411 | -2/Quarantine | Learned Access trap positions 17454 | -2/Quarantine | Learned 4 Access zone layouts 17485 | -2/Quarantine | Learned Access repair station intel 17505 | -2/Quarantine | Learned 4 Section 7 zone layouts 17515 | -2/Quarantine | Learned 4 Research zone layouts 17570 | -2/Quarantine | Identified exit to Section 7 17581 | -2/Quarantine | Found Alien Artifact 17581 | -2/Quarantine | Identified Terrabomb 17581 | -2/Quarantine | Used Terrabomb 17631 | -2/Quarantine | Found Alien Energy Cannon 17673 | -2/Quarantine | Found Alien Artifact 17675 | -2/Quarantine | Identified Subatomic Replicator 17675 | -2/Quarantine | Used Subatomic Replicator to create Alien Artifact 17694 | -2/Quarantine | Identified Core Cannon 17789 | -2/Quarantine | Spotted Fortress 17806 | -2/Quarantine | Discovered new exit (range 6) 17806 | -2/Quarantine | Identified exit to Protoforge 17808 | -2/Quarantine | Entered Protoforge 17850 | -2/Protoforge | Spotted Hotshot 17850 | -2/Protoforge | Spotted Hotshot 17873 | -2/Protoforge | Spotted B-90 Cyclops 17908 | -2/Protoforge | Spotted Hotshot 17919 | -2/Protoforge | Spotted Hotshot 17919 | -2/Protoforge | Superfortress began startup sequence 17922 | -2/Protoforge | Spotted Hotshot 17925 | -2/Protoforge | Spotted Hotshot 17977 | -2/Protoforge | Spotted Hotshot 17996 | -2/Protoforge | Spotted Overlord 18032 | -2/Protoforge | Spotted EXE-6 18032 | -2/Protoforge | Spotted EXE-6 18040 | -2/Protoforge | UFD initiated attack on Protoforge (Readiness: Maximal) 18040 | -2/Protoforge | Loaded intel: 3 recycling unit locations 18060 | -2/Protoforge | Found Prototype Ballistic Gun 18060 | -2/Protoforge | Identified Cep. XC Strikerail 18064 | -2/Protoforge | Found Cep. XC Strikerail 18066 | -2/Protoforge | Found Cep. XC Strikerail 18068 | -2/Protoforge | Found Prototype Processor 18068 | -2/Protoforge | Identified Exp. Armor Integrity Analyzer 18070 | -2/Protoforge | Found Exp. Core Analyzer 18087 | -2/Protoforge | Optimus greeted in Protoforge 18103 | -2/Protoforge | Initialized slip node 18129 | -2/Protoforge | Identified Supercharged TR 18129 | -2/Protoforge | Warped through subspace to slip node 18171 | -2/Protoforge | Lost 3 allies 18174 | -2/Protoforge | Scraphulk reinforcements arrived 18178 | -2/Protoforge | Scraphulk reinforcements arrived 18257 | -2/Protoforge | Lost 3 allies 18304 | -2/Protoforge | Additional patrols dispatched to research labs 18309 | -2/Protoforge | Crushed by falling debris 18319 | -2/Protoforge | Spotted Hotshot 18341 | -2/Protoforge | Spotted V816-m 18342 | -2/Protoforge | Spotted Hotshot 18342 | -2/Protoforge | Spotted Hotshot 18540 | -2/Protoforge | Found Prototype Device 18540 | -2/Protoforge | Identified Exp. Shock Absorption System 18555 | -2/Protoforge | Found Prototype Device 18555 | -2/Protoforge | Identified Crosscalibrator 18563 | -2/Protoforge | UFD reported confirmed Drillbomb installation 18598 | -2/Protoforge | Spotted Immortal 18599 | -2/Protoforge | Spotted Immortal 18599 | -2/Protoforge | Spotted Decapitator 18599 | -2/Protoforge | Spotted Decapitator 18599 | -2/Protoforge | Spotted Decapitator 18599 | -2/Protoforge | Spotted Decapitator 18636 | -2/Protoforge | Build established: Sprinter 18744 | -2/Protoforge | Destroyed Immortal 18750 | -2/Protoforge | Destroyed Immortal 18756 | -2/Protoforge | Found Prototype Processor 18756 | -2/Protoforge | Identified Exp. Melee Analysis Suite 18758 | -2/Protoforge | Found Prototype Piercing Weapon 18762 | -2/Protoforge | Found Prototype Device 18762 | -2/Protoforge | Identified Exp. Cloaking Device 18768 | -2/Protoforge | Identified Exp. Jetlance 18849 | -2/Protoforge | Forge Plexus network access discovered 18896 | -2/Protoforge | Destroyed V816-m 18903 | -2/Protoforge | Found Exp. Shield Generator 18944 | -2/Protoforge | Spotted Decapitator 18944 | -2/Protoforge | Spotted Decapitator 18944 | -2/Protoforge | Spotted Decapitator 18982 | -2/Protoforge | Spotted V376-r 18996 | -2/Protoforge | Found Cep. Zero-point Core 19090 | -2/Protoforge | Found Cep. Arcsight Missile Launcher 19108 | -2/Protoforge | Spotted Decapitator 19110 | -2/Protoforge | Destroyed Decapitator 19110 | -2/Protoforge | Destroyed Decapitator 19110 | -2/Protoforge | Destroyed Decapitator 19112 | -2/Protoforge | Destroyed Decapitator 19147 | -2/Protoforge | Found Prototype Device 19147 | -2/Protoforge | Identified Exp. EM Shield 19177 | -2/Protoforge | Destroyed Decapitator 19177 | -2/Protoforge | Destroyed Decapitator 19177 | -2/Protoforge | Destroyed Decapitator 19177 | -2/Protoforge | Destroyed Decapitator 19224 | -2/Protoforge | Destroyed 7 combat bots 19226 | -2/Protoforge | Found Cep. Antigrav Storage Unit 19231 | -2/Protoforge | Found Cep. NT7 Matterbank 19245 | -2/Protoforge | System corruption reached 10% 19246 | -2/Protoforge | Found Mni. Quantum Capacitor 19247 | -2/Protoforge | Found Cep. Hypertargeting System 19248 | -2/Protoforge | Found Cep. Countertargeting System 19250 | -2/Protoforge | Found Faulty Cep. Hypertargeting System 19251 | -2/Protoforge | Found Faulty Cep. Countertargeting System 19264 | -2/Protoforge | Found Cep. Chromion Battery 19293 | -2/Protoforge | Found Cep. Core Shell 19294 | -2/Protoforge | Found Cep. Core Shell 19324 | -2/Protoforge | Spotted Immortal 19364 | -2/Protoforge | Found Faulty Cep. Biometal Exoskeleton 19412 | -2/Protoforge | Found Faulty Cep. Biometal Exoskeleton 19753 | -2/Protoforge | Build established: Scavenger-Mutant 19807 | -2/Protoforge | UFD reported confirmed Drillbomb installation 19927 | -2/Protoforge | Spotted Executioner 19929 | -2/Protoforge | Spotted Executioner 19934 | -2/Protoforge | Destroyed Executioner 19951 | -2/Protoforge | Destroyed Executioner 19972 | -2/Protoforge | Destroyed 7 combat bots 19980 | -2/Protoforge | Found Faulty Cep. Zero-point Core 19998 | -2/Protoforge | Spotted V416-j 20086 | -2/Protoforge | Spotted Immortal 20215 | -2/Protoforge | Destroyed Immortal 20230 | -2/Protoforge | Found Corrupted Exp. Jetlance 20331 | -2/Protoforge | Found Cep. Core Shell 20334 | -2/Protoforge | Found Cep. Core Shell 20493 | -2/Protoforge | UFD reported confirmed Drillbomb installation 20602 | -2/Protoforge | UFD reported confirmed Drillbomb installation 20822 | -2/Protoforge | Found Cep. Nanofilaments [Tensile] 20822 | -2/Protoforge | Installed Cep. Nanofilaments [Tensile], 3 resistances modified: KI +20%, TH -10%, I +20% 20875 | -2/Protoforge | Spotted AP7-3 20930 | -2/Protoforge | Spotted AP7-3 20966 | -2/Protoforge | Destroyed AP7-3 20981 | -2/Protoforge | Destroyed AP7-3 20984 | -2/Protoforge | Found Prototype Energy Gun 20984 | -2/Protoforge | Identified Enh. Gamma Rifle 20988 | -2/Protoforge | Found Prototype Device 20988 | -2/Protoforge | Identified Exp. ECM Suite 21122 | -2/Protoforge | Found Faulty Cep. Cloak Mesh 21124 | -2/Protoforge | Found Cep. Cloak Mesh 21129 | -2/Protoforge | Found Cep. Thermoelectric Network 21131 | -2/Protoforge | Found Faulty Cep. Core Analysis Suite 21133 | -2/Protoforge | Found Cep. Core Analysis Suite 21202 | -2/Protoforge | UFD reported confirmed Drillbomb installation 21243 | -2/Protoforge | Spotted V728-s 21243 | -2/Protoforge | Spotted V856-h 21266 | -2/Protoforge | Spotted V769-n 21295 | -2/Protoforge | Found Exp. Jetlance 21313 | -2/Protoforge | Spotted V924-a 21392 | -2/Protoforge | Destroyed V856-h 21397 | -2/Protoforge | Destroyed V924-a 21401 | -2/Protoforge | Destroyed V769-n 21410 | -2/Protoforge | Destroyed V728-s 21431 | -2/Protoforge | Destroyed 12 combat bots 21457 | -2/Protoforge | Found Faulty Cep. Plasma Driver 21498 | -2/Protoforge | Found Faulty Exp. Jetlance 21502 | -2/Protoforge | Found Cep. Deflector Sword 21506 | -2/Protoforge | Found Faulty Cep. Plasma Driver 21748 | -2/Protoforge | Spotted Striker 21750 | -2/Protoforge | Spotted Striker 21769 | -2/Protoforge | Destroyed Striker 21775 | -2/Protoforge | Destroyed Striker 21785 | -2/Protoforge | Found Exp. System Purifier 21835 | -2/Protoforge | Found Cep. Antimissile System 21950 | -2/Protoforge | Spotted V008-x 21950 | -2/Protoforge | Spotted V836-k 21950 | -2/Protoforge | Spotted V009-p 21963 | -2/Protoforge | Build established: Gladiator 22041 | -2/Protoforge | Found Femtoactuators 22056 | -2/Protoforge | Found Femtoactuators 22065 | -2/Protoforge | Found Cep. Weapon Articulator 22422 | -2/Protoforge | Spotted Striker 22430 | -2/Protoforge | Core integrity fell below 50% 22470 | -2/Protoforge | Spotted Executioner 22470 | -2/Protoforge | Spotted Hotshot 22478 | -2/Protoforge | Spotted Executioner 22486 | -2/Protoforge | Spotted Decapitator 22491 | -2/Protoforge | Core integrity fell below 20% 22498 | -2/Protoforge | Destroyed Decapitator 22511 | -2/Protoforge | Destroyed by Executioner with Helical Railgun Last Messages --------------- 22502_ Penetrated by Slug. 22502_ Slug penetrates Reinforced Barrier. 22502_ Penetrated by Slug. 22505_ 0bP_NET: Lugger 427 inbound, all units not involved in other operations escort to target. 22505_ Superfortress suffers critical hit (Impale). 22505_ Penetrated by Slug. 22505_ Slug penetrates Reinforced Barrier. 22505_ Penetrated by Slug. 22506_ Penetrated by Railslug. 22508_ Superfortress breaks down X-82 Rainmaker. 22509_ Superfortress suffers critical hit (Impale). 22509_ Slug penetrates Earth. 22509_ Slug penetrates Reinforced Barrier. 22509_ Penetrated by Slug. 22510_ The unstable cave ceiling collapses. 22511_ Penetrated by Railslug. Map ----- +----------------------------------------------------+ | ????????????????????????#^ #????????????????????? | | ????????? ?????????????# #????????????????????? | | ????????? "????????????# #????????????????????? | | ????????? #????????????# #????????????????????? | | ????????? #????????????# #???????????????###### | | ????????? #????????????# #???????????????#""""" | | ????????? #????????????# #???????????????#" | | ????????? #????????????# #???????????????#"* | | ????????# #????????????# #???????????????##### | | ????????# #????????????# #?????????????????#" | | ????????# #????????????# ##????????????????# " | | ????????# #????????????# ;################## $ | | ????????# #????????????# | | ######### #????????????# | | ##???????????# #########++######## | | #???????????# #?????????????????# | | #???????????# #?????????????????" | | ##### #####???????????# #???????????????? " | | #???# #???????????????# #???????????????? " | | #???# #???????????????# #??????????????? #### | | #???# #????????????##?# #????????????????#???? | | #???# #???????????## # #????????????????????? | | #???# #???????????# # #????????????????????? | | #???# #???????###??gE#xE #????????????????????? | | #???# #########;### #=%=%%# ###???????????????? | | ????# FFF@ ????????? | | ????# ] FFF%=%# ###???????????????? | | ????# FFF% #????????????????????? | | ????######## #######????????????????????? | | ???????????# # ##????????????????????????? | | ???????????# ## ##???????????????????????? | | ???????????# ###"##??????????????????????? | | ??????????## #?## ##?????????????????????? | | ?????????##"# ##??#####????????????????????? | | ???####### ## #????## ##???????????????????? | | ???######"### ########"##??????????????????? | | ???##""" """" """"""""# ##?????????????????? | | ##?## """ """" ## ##????????????????? | | ##?## "" "" ### ######???######??? | | ##### T" "" #?##"""""#???#""""#??? | | ####" ##### !!##### !!!#### | | | | | | !*! | | | | | | | | ##### "##"#!!!!##### ]#### | | #####""""""""""""""""""""""""####""""#???#""""#??! | | ##?##"""""""""""""""""""""""##??######???######??? | +----------------------------------------------------+ Best States ------------- Heat Dissipation 121 Energy Generation 71 Energy Capacity 430 Matter Stores 300 Matter Capacity 300 Sight Range 16 Robot Scan Range 16 Terrain Scan Density 10 ECM Strength 3 Cloak Strength 9 Corruption Containment 12 Corruption Block 16 Armor Coverage 800 Resistance: KI 20 Resistance: TH 10 Resistance: EM 75 Resistance: I 20 Core Shielding 90 Power Shielding 66 Propulsion Shielding 90 Utility Shielding 90 Projectile Deflection 15 Melee Speed Boost 50 Phase Shifting 5 Evasion (%) 71 Targeting Accuracy 30 Melee Accuracy 12 Core Analysis 11 Armor Integrity Analysis 50 Recoil Reduction 4 Offensive Hacking 40 Defensive Hacking 24 Relay Coupler Types 5 Relay Coupler Value 156 Authchip Count 2 Trap Extractor Capacity 6 Item Schematics ----------------- ECM Suite | -10/Materials | Hacked Hcp. Storage Unit | -10/Materials | Hacked Adv. ECM Suite | -8/Recycling | Hacked Hardlight Generator | -8/Recycling | Hacked Reaction Control System | -8/Recycling | Hacked Exp. Terrain Scan Processor | -6/Factory | Scanalyzed Stasis Canceller | -6/Factory | Scanalyzed Imp. Trap Extractor | -6/Factory | Hacked Multitool | -6/Factory | Scanalyzed Cld. Cesium-ion Thruster | -6/Factory | Hacked Hyp. Gauss Cannon | -6/Factory | Hacked Heavy Servo Lattice | -6/Factory | Hacked Impulse Thruster | -6/Factory | Hacked Nova Cannon | -6/Factory | Scanalyzed Exp. Power Amplifier | -6/Factory | Scanalyzed Adv. Hacking Suite | -6/Factory | Hacked Exp. Propulsion Shielding | -6/Factory | Hacked Gui. EMP Blaster | -6/Factory | Hacked Adv. System Restoration Module | -4/Factory | Scanalyzed Assault Drone Bay | -4/Zhirov | Free Exp. Heat Sink | -4/Zhirov | Free Exp. Optical Array | -4/Zhirov | Free Imp. Arc Thrower | -4/Zhirov | Free Exp. Focal Shield | -2/Quarantine | Hacked Exp. EM Disruption Field | -2/Quarantine | Archive Cld. Phase Cannon | -2/Quarantine | Archive Exp. Signal Interpreter | -2/Quarantine | Archive Lgt. Antimatter Cannon | -2/Quarantine | Archive Cld. Antimatter Reactor | -2/Quarantine | Archive Adv. KE Penetrator | -2/Quarantine | Archive Graviton Cannon | -2/Protoforge | Archive Gravity Flail | -2/Protoforge | Archive Hvy. Proton Missile Launcher | -2/Protoforge | Archive Exp. Coolant Injector | -2/Protoforge | Archive Vibroblade | -2/Protoforge | Archive Cld. Impulse Thruster | -2/Protoforge | Archive Exp. Matter Compressor | -2/Protoforge | Archive Robot Schematics ------------------ X-62 Marksman | -6/Factory | Hacked A-15 Conveyor | -2/Quarantine | Archive S-43 Plague | -2/Quarantine | Archive G-67 Veteran | -2/Quarantine | Archive R-10 Processor | -2/Protoforge | Archive R-06 Scavenger | -2/Protoforge | Archive G-73 Enforcer | -2/Protoforge | Archive E-15 Imp | -2/Protoforge | Archive Fabricated ------------ Imp. Trap Extractor | x2 | -6/Factory Exp. Propulsion Shielding | x1 | -6/Factory Adv. Hacking Suite | x1 | -3/Research | Authchip Repaired ---------- EM Pulse Gun | 35% | -10/Materials EM Pulse Gun | 71% | -10/Materials Biomechanical Wings | 25% | -6/Factory Greatsword | 59% | -6/Factory Greatsword | 25% | -6/Factory Adv. ECM Suite | 16% | -2/Quarantine Studied --------- VTOL Module | -6/Factory | Hacked Nuclear Pulse Thruster | -6/Factory | Hacked Greatsword | -6/Factory | Hacked Lgt. Fission Core | -6/Factory | Hacked Fusion Compressor | -6/Factory | Hacked Mic. Fission Core | -5/Factory | Hacked Field Propulsion Array | -4/Factory | Hacked Lgt. Antimatter Reactor | -2/Research | Hacked Mic. Antimatter Reactor | -2/Research | Hacked Adv. Remote Datajack | -2/Research | Hacked Adv. Datajack | -2/Research | Hacked Alien Tech Used ----------------- Integrated Reactor Terrabomb Subatomic Replicator Core Cannon Dimensional Node Initializer Supercharged TR Concept Nanofilaments [Tensile] Achievements -------------- None Challenges ------------ None Game ------ Seed DisruptorTacticalBank Manual? 0 Play Time 07:04:54 Cumulative 849.0 hours Start 2025.12.31 @ 18:59:19 End 2026.01.02 @ 18:02:30 Sessions 9 Manual Loads 0 Difficulty Rogue Special Mode None Game No. 336 Rogue 336 Adventurer 0 Explorer 0 Win Type - Total 87 Types 44/6/16/6/6/1/1/3/0/4 Lore% 97 Gallery% 91 Achievement% 85 Wizard Run 0 Options --------- Layout 1 ASCII 0 Keyboard 0 Movement Numpad Keybinds 0 Fullscreen 1 Font 24/Smallcaps Map View 50x35 Zoom Use 0% Tactical HUD 1 Map Filters NONE Filters NONE Steam 1 RUN: 68d233a0-2e20-458f-97fd-d2dc7b45a30c